Workbook

Sheet Dashboard
A1: Hotel Annual Operating Budget
A2: 2026 Management Dashboard | G2: 2026 BUDGET
A3: =IFERROR('Assumptions'!$B$4,"") | D3: Property
A4: =IFERROR('Assumptions'!$B$5,0) | D4: Budget Year
A5: =IFERROR('Assumptions'!$B$6,"") | D5: Last Revised
A6: =""
A7: Update assumptions, monthly budget amounts, and labor inputs on the supporting worksheets. Blue cells are editable; calculated cells are locked.
A8: =""
A9: Total Revenue | D9: Total Operating Expenses | G9: Gross Operating Profit
A10: ="" | B10: =IFERROR(SUMIFS('Operating Budget'!$T$9:$T$158,'Operating Budget'!$E$9:$E$158,"Revenue",'Operating Budget'!$A$9:$A$158,"Yes"),0) | E10: =IFERROR(SUMIFS('Operating Budget'!$T$9:$T$158,'Operating Budget'!$E$9:$E$158,"Cost of Sales",'Operating Budget'!$A$9:$A$158,"Yes")+SUMIFS('Operating Budget'!$T$9:$T$158,'Operating Budget'!$E$9:$E$158,"Payroll & Related",'Operating Budget'!$A$9:$A$158,"Yes")+SUMIFS('Operating Budget'!$T$9:$T$158,'Operating Budget'!$E$9:$E$158,"Operating Expense",'Operating Budget'!$A$9:$A$158,"Yes")+SUMIFS('Operating Budget'!$T$9:$T$158,'Operating Budget'!$E$9:$E$158,"Fixed Expense",'Operating Budget'!$A$9:$A$158,"Yes"),0) | H10: =IFERROR(B10-E10,0)
A11: =""
A12: GOP Margin | D12: Budgeted Occupancy | G12: Budgeted ADR
A13: ="" | B13: =IFERROR(H10/B10,0) | E13: =IFERROR('Assumptions'!$B$31/'Assumptions'!$B$30,0) | H13: =IFERROR('Assumptions'!$B$33/'Assumptions'!$B$31,0)
A14: =""
A15: Budgeted RevPAR | D15: Planned Labor Cost
A16: ="" | B16: =IFERROR('Assumptions'!$B$33/'Assumptions'!$B$30,0) | E16: =IFERROR(SUM('Labor Plan'!$O$9:$O$128),0)
A17: =""
A18: =""
A19: Month | B19: Budget Revenue | C19: Budget Expenses | D19: Gross Operating Profit | E19: GOP Margin | F19: Room Revenue Forecast | G19: Planned Labor Cost
A20: January | B20: =IFERROR(SUMIFS('Operating Budget'!$H$9:$H$158,'Operating Budget'!$E$9:$E$158,"Revenue",'Operating Budget'!$A$9:$A$158,"Yes"),0) | C20: =IFERROR(SUMIFS('Operating Budget'!$H$9:$H$158,'Operating Budget'!$E$9:$E$158,"Cost of Sales",'Operating Budget'!$A$9:$A$158,"Yes")+SUMIFS('Operating Budget'!$H$9:$H$158,'Operating Budget'!$E$9:$E$158,"Payroll & Related",'Operating Budget'!$A$9:$A$158,"Yes")+SUMIFS('Operating Budget'!$H$9:$H$158,'Operating Budget'!$E$9:$E$158,"Operating Expense",'Operating Budget'!$A$9:$A$158,"Yes")+SUMIFS('Operating Budget'!$H$9:$H$158,'Operating Budget'!$E$9:$E$158,"Fixed Expense",'Operating Budget'!$A$9:$A$158,"Yes"),0) | D20: =IFERROR(B20-C20,0) | E20: =IFERROR(D20/B20,0) | F20: =IFERROR(VLOOKUP(A20,'Assumptions'!$A$16:$I$27,9,0),0) | G20: =IFERROR(SUM('Labor Plan'!$P$9:$P$128),0)
A21: February | B21: =IFERROR(SUMIFS('Operating Budget'!$I$9:$I$158,'Operating Budget'!$E$9:$E$158,"Revenue",'Operating Budget'!$A$9:$A$158,"Yes"),0) | C21: =IFERROR(SUMIFS('Operating Budget'!$I$9:$I$158,'Operating Budget'!$E$9:$E$158,"Cost of Sales",'Operating Budget'!$A$9:$A$158,"Yes")+SUMIFS('Operating Budget'!$I$9:$I$158,'Operating Budget'!$E$9:$E$158,"Payroll & Related",'Operating Budget'!$A$9:$A$158,"Yes")+SUMIFS('Operating Budget'!$I$9:$I$158,'Operating Budget'!$E$9:$E$158,"Operating Expense",'Operating Budget'!$A$9:$A$158,"Yes")+SUMIFS('Operating Budget'!$I$9:$I$158,'Operating Budget'!$E$9:$E$158,"Fixed Expense",'Operating Budget'!$A$9:$A$158,"Yes"),0) | D21: =IFERROR(B21-C21,0) | E21: =IFERROR(D21/B21,0) | F21: =IFERROR(VLOOKUP(A21,'Assumptions'!$A$16:$I$27,9,0),0) | G21: =IFERROR(SUM('Labor Plan'!$Q$9:$Q$128),0)
A22: March | B22: =IFERROR(SUMIFS('Operating Budget'!$J$9:$J$158,'Operating Budget'!$E$9:$E$158,"Revenue",'Operating Budget'!$A$9:$A$158,"Yes"),0) | C22: =IFERROR(SUMIFS('Operating Budget'!$J$9:$J$158,'Operating Budget'!$E$9:$E$158,"Cost of Sales",'Operating Budget'!$A$9:$A$158,"Yes")+SUMIFS('Operating Budget'!$J$9:$J$158,'Operating Budget'!$E$9:$E$158,"Payroll & Related",'Operating Budget'!$A$9:$A$158,"Yes")+SUMIFS('Operating Budget'!$J$9:$J$158,'Operating Budget'!$E$9:$E$158,"Operating Expense",'Operating Budget'!$A$9:$A$158,"Yes")+SUMIFS('Operating Budget'!$J$9:$J$158,'Operating Budget'!$E$9:$E$158,"Fixed Expense",'Operating Budget'!$A$9:$A$158,"Yes"),0) | D22: =IFERROR(B22-C22,0) | E22: =IFERROR(D22/B22,0) | F22: =IFERROR(VLOOKUP(A22,'Assumptions'!$A$16:$I$27,9,0),0) | G22: =IFERROR(SUM('Labor Plan'!$R$9:$R$128),0)
A23: April | B23: =IFERROR(SUMIFS('Operating Budget'!$K$9:$K$158,'Operating Budget'!$E$9:$E$158,"Revenue",'Operating Budget'!$A$9:$A$158,"Yes"),0) | C23: =IFERROR(SUMIFS('Operating Budget'!$K$9:$K$158,'Operating Budget'!$E$9:$E$158,"Cost of Sales",'Operating Budget'!$A$9:$A$158,"Yes")+SUMIFS('Operating Budget'!$K$9:$K$158,'Operating Budget'!$E$9:$E$158,"Payroll & Related",'Operating Budget'!$A$9:$A$158,"Yes")+SUMIFS('Operating Budget'!$K$9:$K$158,'Operating Budget'!$E$9:$E$158,"Operating Expense",'Operating Budget'!$A$9:$A$158,"Yes")+SUMIFS('Operating Budget'!$K$9:$K$158,'Operating Budget'!$E$9:$E$158,"Fixed Expense",'Operating Budget'!$A$9:$A$158,"Yes"),0) | D23: =IFERROR(B23-C23,0) | E23: =IFERROR(D23/B23,0) | F23: =IFERROR(VLOOKUP(A23,'Assumptions'!$A$16:$I$27,9,0),0) | G23: =IFERROR(SUM('Labor Plan'!$S$9:$S$128),0)
A24: May | B24: =IFERROR(SUMIFS('Operating Budget'!$L$9:$L$158,'Operating Budget'!$E$9:$E$158,"Revenue",'Operating Budget'!$A$9:$A$158,"Yes"),0) | C24: =IFERROR(SUMIFS('Operating Budget'!$L$9:$L$158,'Operating Budget'!$E$9:$E$158,"Cost of Sales",'Operating Budget'!$A$9:$A$158,"Yes")+SUMIFS('Operating Budget'!$L$9:$L$158,'Operating Budget'!$E$9:$E$158,"Payroll & Related",'Operating Budget'!$A$9:$A$158,"Yes")+SUMIFS('Operating Budget'!$L$9:$L$158,'Operating Budget'!$E$9:$E$158,"Operating Expense",'Operating Budget'!$A$9:$A$158,"Yes")+SUMIFS('Operating Budget'!$L$9:$L$158,'Operating Budget'!$E$9:$E$158,"Fixed Expense",'Operating Budget'!$A$9:$A$158,"Yes"),0) | D24: =IFERROR(B24-C24,0) | E24: =IFERROR(D24/B24,0) | F24: =IFERROR(VLOOKUP(A24,'Assumptions'!$A$16:$I$27,9,0),0) | G24: =IFERROR(SUM('Labor Plan'!$T$9:$T$128),0)
A25: June | B25: =IFERROR(SUMIFS('Operating Budget'!$M$9:$M$158,'Operating Budget'!$E$9:$E$158,"Revenue",'Operating Budget'!$A$9:$A$158,"Yes"),0) | C25: =IFERROR(SUMIFS('Operating Budget'!$M$9:$M$158,'Operating Budget'!$E$9:$E$158,"Cost of Sales",'Operating Budget'!$A$9:$A$158,"Yes")+SUMIFS('Operating Budget'!$M$9:$M$158,'Operating Budget'!$E$9:$E$158,"Payroll & Related",'Operating Budget'!$A$9:$A$158,"Yes")+SUMIFS('Operating Budget'!$M$9:$M$158,'Operating Budget'!$E$9:$E$158,"Operating Expense",'Operating Budget'!$A$9:$A$158,"Yes")+SUMIFS('Operating Budget'!$M$9:$M$158,'Operating Budget'!$E$9:$E$158,"Fixed Expense",'Operating Budget'!$A$9:$A$158,"Yes"),0) | D25: =IFERROR(B25-C25,0) | E25: =IFERROR(D25/B25,0) | F25: =IFERROR(VLOOKUP(A25,'Assumptions'!$A$16:$I$27,9,0),0) | G25: =IFERROR(SUM('Labor Plan'!$U$9:$U$128),0)
A26: July | B26: =IFERROR(SUMIFS('Operating Budget'!$N$9:$N$158,'Operating Budget'!$E$9:$E$158,"Revenue",'Operating Budget'!$A$9:$A$158,"Yes"),0) | C26: =IFERROR(SUMIFS('Operating Budget'!$N$9:$N$158,'Operating Budget'!$E$9:$E$158,"Cost of Sales",'Operating Budget'!$A$9:$A$158,"Yes")+SUMIFS('Operating Budget'!$N$9:$N$158,'Operating Budget'!$E$9:$E$158,"Payroll & Related",'Operating Budget'!$A$9:$A$158,"Yes")+SUMIFS('Operating Budget'!$N$9:$N$158,'Operating Budget'!$E$9:$E$158,"Operating Expense",'Operating Budget'!$A$9:$A$158,"Yes")+SUMIFS('Operating Budget'!$N$9:$N$158,'Operating Budget'!$E$9:$E$158,"Fixed Expense",'Operating Budget'!$A$9:$A$158,"Yes"),0) | D26: =IFERROR(B26-C26,0) | E26: =IFERROR(D26/B26,0) | F26: =IFERROR(VLOOKUP(A26,'Assumptions'!$A$16:$I$27,9,0),0) | G26: =IFERROR(SUM('Labor Plan'!$V$9:$V$128),0)
A27: August | B27: =IFERROR(SUMIFS('Operating Budget'!$O$9:$O$158,'Operating Budget'!$E$9:$E$158,"Revenue",'Operating Budget'!$A$9:$A$158,"Yes"),0) | C27: =IFERROR(SUMIFS('Operating Budget'!$O$9:$O$158,'Operating Budget'!$E$9:$E$158,"Cost of Sales",'Operating Budget'!$A$9:$A$158,"Yes")+SUMIFS('Operating Budget'!$O$9:$O$158,'Operating Budget'!$E$9:$E$158,"Payroll & Related",'Operating Budget'!$A$9:$A$158,"Yes")+SUMIFS('Operating Budget'!$O$9:$O$158,'Operating Budget'!$E$9:$E$158,"Operating Expense",'Operating Budget'!$A$9:$A$158,"Yes")+SUMIFS('Operating Budget'!$O$9:$O$158,'Operating Budget'!$E$9:$E$158,"Fixed Expense",'Operating Budget'!$A$9:$A$158,"Yes"),0) | D27: =IFERROR(B27-C27,0) | E27: =IFERROR(D27/B27,0) | F27: =IFERROR(VLOOKUP(A27,'Assumptions'!$A$16:$I$27,9,0),0) | G27: =IFERROR(SUM('Labor Plan'!$W$9:$W$128),0)
A28: September | B28: =IFERROR(SUMIFS('Operating Budget'!$P$9:$P$158,'Operating Budget'!$E$9:$E$158,"Revenue",'Operating Budget'!$A$9:$A$158,"Yes"),0) | C28: =IFERROR(SUMIFS('Operating Budget'!$P$9:$P$158,'Operating Budget'!$E$9:$E$158,"Cost of Sales",'Operating Budget'!$A$9:$A$158,"Yes")+SUMIFS('Operating Budget'!$P$9:$P$158,'Operating Budget'!$E$9:$E$158,"Payroll & Related",'Operating Budget'!$A$9:$A$158,"Yes")+SUMIFS('Operating Budget'!$P$9:$P$158,'Operating Budget'!$E$9:$E$158,"Operating Expense",'Operating Budget'!$A$9:$A$158,"Yes")+SUMIFS('Operating Budget'!$P$9:$P$158,'Operating Budget'!$E$9:$E$158,"Fixed Expense",'Operating Budget'!$A$9:$A$158,"Yes"),0) | D28: =IFERROR(B28-C28,0) | E28: =IFERROR(D28/B28,0) | F28: =IFERROR(VLOOKUP(A28,'Assumptions'!$A$16:$I$27,9,0),0) | G28: =IFERROR(SUM('Labor Plan'!$X$9:$X$128),0)
A29: October | B29: =IFERROR(SUMIFS('Operating Budget'!$Q$9:$Q$158,'Operating Budget'!$E$9:$E$158,"Revenue",'Operating Budget'!$A$9:$A$158,"Yes"),0) | C29: =IFERROR(SUMIFS('Operating Budget'!$Q$9:$Q$158,'Operating Budget'!$E$9:$E$158,"Cost of Sales",'Operating Budget'!$A$9:$A$158,"Yes")+SUMIFS('Operating Budget'!$Q$9:$Q$158,'Operating Budget'!$E$9:$E$158,"Payroll & Related",'Operating Budget'!$A$9:$A$158,"Yes")+SUMIFS('Operating Budget'!$Q$9:$Q$158,'Operating Budget'!$E$9:$E$158,"Operating Expense",'Operating Budget'!$A$9:$A$158,"Yes")+SUMIFS('Operating Budget'!$Q$9:$Q$158,'Operating Budget'!$E$9:$E$158,"Fixed Expense",'Operating Budget'!$A$9:$A$158,"Yes"),0) | D29: =IFERROR(B29-C29,0) | E29: =IFERROR(D29/B29,0) | F29: =IFERROR(VLOOKUP(A29,'Assumptions'!$A$16:$I$27,9,0),0) | G29: =IFERROR(SUM('Labor Plan'!$Y$9:$Y$128),0)
A30: November | B30: =IFERROR(SUMIFS('Operating Budget'!$R$9:$R$158,'Operating Budget'!$E$9:$E$158,"Revenue",'Operating Budget'!$A$9:$A$158,"Yes"),0) | C30: =IFERROR(SUMIFS('Operating Budget'!$R$9:$R$158,'Operating Budget'!$E$9:$E$158,"Cost of Sales",'Operating Budget'!$A$9:$A$158,"Yes")+SUMIFS('Operating Budget'!$R$9:$R$158,'Operating Budget'!$E$9:$E$158,"Payroll & Related",'Operating Budget'!$A$9:$A$158,"Yes")+SUMIFS('Operating Budget'!$R$9:$R$158,'Operating Budget'!$E$9:$E$158,"Operating Expense",'Operating Budget'!$A$9:$A$158,"Yes")+SUMIFS('Operating Budget'!$R$9:$R$158,'Operating Budget'!$E$9:$E$158,"Fixed Expense",'Operating Budget'!$A$9:$A$158,"Yes"),0) | D30: =IFERROR(B30-C30,0) | E30: =IFERROR(D30/B30,0) | F30: =IFERROR(VLOOKUP(A30,'Assumptions'!$A$16:$I$27,9,0),0) | G30: =IFERROR(SUM('Labor Plan'!$Z$9:$Z$128),0)
A31: December | B31: =IFERROR(SUMIFS('Operating Budget'!$S$9:$S$158,'Operating Budget'!$E$9:$E$158,"Revenue",'Operating Budget'!$A$9:$A$158,"Yes"),0) | C31: =IFERROR(SUMIFS('Operating Budget'!$S$9:$S$158,'Operating Budget'!$E$9:$E$158,"Cost of Sales",'Operating Budget'!$A$9:$A$158,"Yes")+SUMIFS('Operating Budget'!$S$9:$S$158,'Operating Budget'!$E$9:$E$158,"Payroll & Related",'Operating Budget'!$A$9:$A$158,"Yes")+SUMIFS('Operating Budget'!$S$9:$S$158,'Operating Budget'!$E$9:$E$158,"Operating Expense",'Operating Budget'!$A$9:$A$158,"Yes")+SUMIFS('Operating Budget'!$S$9:$S$158,'Operating Budget'!$E$9:$E$158,"Fixed Expense",'Operating Budget'!$A$9:$A$158,"Yes"),0) | D31: =IFERROR(B31-C31,0) | E31: =IFERROR(D31/B31,0) | F31: =IFERROR(VLOOKUP(A31,'Assumptions'!$A$16:$I$27,9,0),0) | G31: =IFERROR(SUM('Labor Plan'!$AA$9:$AA$128),0)
A32: ="" | F32: ="" | G32: =""
A33: ="" | F33: ="" | G33: =""
A34: Department | B34: Annual Revenue | C34: Annual Expense | D34: Net Contribution | E34: Percent of Total Revenue | F34: ="" | G34: =""
A35: Rooms | B35: =IFERROR(SUMIFS('Operating Budget'!$T$9:$T$158,'Operating Budget'!$D$9:$D$158,A35,'Operating Budget'!$E$9:$E$158,"Revenue",'Operating Budget'!$A$9:$A$158,"Yes"),0) | C35: =IFERROR(SUMIFS('Operating Budget'!$T$9:$T$158,'Operating Budget'!$D$9:$D$158,A35,'Operating Budget'!$E$9:$E$158,"Cost of Sales",'Operating Budget'!$A$9:$A$158,"Yes")+SUMIFS('Operating Budget'!$T$9:$T$158,'Operating Budget'!$D$9:$D$158,A35,'Operating Budget'!$E$9:$E$158,"Payroll & Related",'Operating Budget'!$A$9:$A$158,"Yes")+SUMIFS('Operating Budget'!$T$9:$T$158,'Operating Budget'!$D$9:$D$158,A35,'Operating Budget'!$E$9:$E$158,"Operating Expense",'Operating Budget'!$A$9:$A$158,"Yes")+SUMIFS('Operating Budget'!$T$9:$T$158,'Operating Budget'!$D$9:$D$158,A35,'Operating Budget'!$E$9:$E$158,"Fixed Expense",'Operating Budget'!$A$9:$A$158,"Yes"),0) | D35: =IFERROR(B35-C35,0) | E35: =IFERROR(B35/$B$10,0) | F35: ="" | G35: =""
A36: Food & Beverage | B36: =IFERROR(SUMIFS('Operating Budget'!$T$9:$T$158,'Operating Budget'!$D$9:$D$158,A36,'Operating Budget'!$E$9:$E$158,"Revenue",'Operating Budget'!$A$9:$A$158,"Yes"),0) | C36: =IFERROR(SUMIFS('Operating Budget'!$T$9:$T$158,'Operating Budget'!$D$9:$D$158,A36,'Operating Budget'!$E$9:$E$158,"Cost of Sales",'Operating Budget'!$A$9:$A$158,"Yes")+SUMIFS('Operating Budget'!$T$9:$T$158,'Operating Budget'!$D$9:$D$158,A36,'Operating Budget'!$E$9:$E$158,"Payroll & Related",'Operating Budget'!$A$9:$A$158,"Yes")+SUMIFS('Operating Budget'!$T$9:$T$158,'Operating Budget'!$D$9:$D$158,A36,'Operating Budget'!$E$9:$E$158,"Operating Expense",'Operating Budget'!$A$9:$A$158,"Yes")+SUMIFS('Operating Budget'!$T$9:$T$158,'Operating Budget'!$D$9:$D$158,A36,'Operating Budget'!$E$9:$E$158,"Fixed Expense",'Operating Budget'!$A$9:$A$158,"Yes"),0) | D36: =IFERROR(B36-C36,0) | E36: =IFERROR(B36/$B$10,0) | F36: ="" | G36: =""
A37: Administrative & General | B37: =IFERROR(SUMIFS('Operating Budget'!$T$9:$T$158,'Operating Budget'!$D$9:$D$158,A37,'Operating Budget'!$E$9:$E$158,"Revenue",'Operating Budget'!$A$9:$A$158,"Yes"),0) | C37: =IFERROR(SUMIFS('Operating Budget'!$T$9:$T$158,'Operating Budget'!$D$9:$D$158,A37,'Operating Budget'!$E$9:$E$158,"Cost of Sales",'Operating Budget'!$A$9:$A$158,"Yes")+SUMIFS('Operating Budget'!$T$9:$T$158,'Operating Budget'!$D$9:$D$158,A37,'Operating Budget'!$E$9:$E$158,"Payroll & Related",'Operating Budget'!$A$9:$A$158,"Yes")+SUMIFS('Operating Budget'!$T$9:$T$158,'Operating Budget'!$D$9:$D$158,A37,'Operating Budget'!$E$9:$E$158,"Operating Expense",'Operating Budget'!$A$9:$A$158,"Yes")+SUMIFS('Operating Budget'!$T$9:$T$158,'Operating Budget'!$D$9:$D$158,A37,'Operating Budget'!$E$9:$E$158,"Fixed Expense",'Operating Budget'!$A$9:$A$158,"Yes"),0) | D37: =IFERROR(B37-C37,0) | E37: =IFERROR(B37/$B$10,0) | F37: ="" | G37: =""
A38: Sales & Marketing | B38: =IFERROR(SUMIFS('Operating Budget'!$T$9:$T$158,'Operating Budget'!$D$9:$D$158,A38,'Operating Budget'!$E$9:$E$158,"Revenue",'Operating Budget'!$A$9:$A$158,"Yes"),0) | C38: =IFERROR(SUMIFS('Operating Budget'!$T$9:$T$158,'Operating Budget'!$D$9:$D$158,A38,'Operating Budget'!$E$9:$E$158,"Cost of Sales",'Operating Budget'!$A$9:$A$158,"Yes")+SUMIFS('Operating Budget'!$T$9:$T$158,'Operating Budget'!$D$9:$D$158,A38,'Operating Budget'!$E$9:$E$158,"Payroll & Related",'Operating Budget'!$A$9:$A$158,"Yes")+SUMIFS('Operating Budget'!$T$9:$T$158,'Operating Budget'!$D$9:$D$158,A38,'Operating Budget'!$E$9:$E$158,"Operating Expense",'Operating Budget'!$A$9:$A$158,"Yes")+SUMIFS('Operating Budget'!$T$9:$T$158,'Operating Budget'!$D$9:$D$158,A38,'Operating Budget'!$E$9:$E$158,"Fixed Expense",'Operating Budget'!$A$9:$A$158,"Yes"),0) | D38: =IFERROR(B38-C38,0) | E38: =IFERROR(B38/$B$10,0) | F38: ="" | G38: =""
A39: Property Operations & Maintenance | B39: =IFERROR(SUMIFS('Operating Budget'!$T$9:$T$158,'Operating Budget'!$D$9:$D$158,A39,'Operating Budget'!$E$9:$E$158,"Revenue",'Operating Budget'!$A$9:$A$158,"Yes"),0) | C39: =IFERROR(SUMIFS('Operating Budget'!$T$9:$T$158,'Operating Budget'!$D$9:$D$158,A39,'Operating Budget'!$E$9:$E$158,"Cost of Sales",'Operating Budget'!$A$9:$A$158,"Yes")+SUMIFS('Operating Budget'!$T$9:$T$158,'Operating Budget'!$D$9:$D$158,A39,'Operating Budget'!$E$9:$E$158,"Payroll & Related",'Operating Budget'!$A$9:$A$158,"Yes")+SUMIFS('Operating Budget'!$T$9:$T$158,'Operating Budget'!$D$9:$D$158,A39,'Operating Budget'!$E$9:$E$158,"Operating Expense",'Operating Budget'!$A$9:$A$158,"Yes")+SUMIFS('Operating Budget'!$T$9:$T$158,'Operating Budget'!$D$9:$D$158,A39,'Operating Budget'!$E$9:$E$158,"Fixed Expense",'Operating Budget'!$A$9:$A$158,"Yes"),0) | D39: =IFERROR(B39-C39,0) | E39: =IFERROR(B39/$B$10,0) | F39: ="" | G39: =""
A40: Utilities | B40: =IFERROR(SUMIFS('Operating Budget'!$T$9:$T$158,'Operating Budget'!$D$9:$D$158,A40,'Operating Budget'!$E$9:$E$158,"Revenue",'Operating Budget'!$A$9:$A$158,"Yes"),0) | C40: =IFERROR(SUMIFS('Operating Budget'!$T$9:$T$158,'Operating Budget'!$D$9:$D$158,A40,'Operating Budget'!$E$9:$E$158,"Cost of Sales",'Operating Budget'!$A$9:$A$158,"Yes")+SUMIFS('Operating Budget'!$T$9:$T$158,'Operating Budget'!$D$9:$D$158,A40,'Operating Budget'!$E$9:$E$158,"Payroll & Related",'Operating Budget'!$A$9:$A$158,"Yes")+SUMIFS('Operating Budget'!$T$9:$T$158,'Operating Budget'!$D$9:$D$158,A40,'Operating Budget'!$E$9:$E$158,"Operating Expense",'Operating Budget'!$A$9:$A$158,"Yes")+SUMIFS('Operating Budget'!$T$9:$T$158,'Operating Budget'!$D$9:$D$158,A40,'Operating Budget'!$E$9:$E$158,"Fixed Expense",'Operating Budget'!$A$9:$A$158,"Yes"),0) | D40: =IFERROR(B40-C40,0) | E40: =IFERROR(B40/$B$10,0) | F40: ="" | G40: =""
A41: Information Technology | B41: =IFERROR(SUMIFS('Operating Budget'!$T$9:$T$158,'Operating Budget'!$D$9:$D$158,A41,'Operating Budget'!$E$9:$E$158,"Revenue",'Operating Budget'!$A$9:$A$158,"Yes"),0) | C41: =IFERROR(SUMIFS('Operating Budget'!$T$9:$T$158,'Operating Budget'!$D$9:$D$158,A41,'Operating Budget'!$E$9:$E$158,"Cost of Sales",'Operating Budget'!$A$9:$A$158,"Yes")+SUMIFS('Operating Budget'!$T$9:$T$158,'Operating Budget'!$D$9:$D$158,A41,'Operating Budget'!$E$9:$E$158,"Payroll & Related",'Operating Budget'!$A$9:$A$158,"Yes")+SUMIFS('Operating Budget'!$T$9:$T$158,'Operating Budget'!$D$9:$D$158,A41,'Operating Budget'!$E$9:$E$158,"Operating Expense",'Operating Budget'!$A$9:$A$158,"Yes")+SUMIFS('Operating Budget'!$T$9:$T$158,'Operating Budget'!$D$9:$D$158,A41,'Operating Budget'!$E$9:$E$158,"Fixed Expense",'Operating Budget'!$A$9:$A$158,"Yes"),0) | D41: =IFERROR(B41-C41,0) | E41: =IFERROR(B41/$B$10,0) | F41: ="" | G41: =""
A42: Insurance | B42: =IFERROR(SUMIFS('Operating Budget'!$T$9:$T$158,'Operating Budget'!$D$9:$D$158,A42,'Operating Budget'!$E$9:$E$158,"Revenue",'Operating Budget'!$A$9:$A$158,"Yes"),0) | C42: =IFERROR(SUMIFS('Operating Budget'!$T$9:$T$158,'Operating Budget'!$D$9:$D$158,A42,'Operating Budget'!$E$9:$E$158,"Cost of Sales",'Operating Budget'!$A$9:$A$158,"Yes")+SUMIFS('Operating Budget'!$T$9:$T$158,'Operating Budget'!$D$9:$D$158,A42,'Operating Budget'!$E$9:$E$158,"Payroll & Related",'Operating Budget'!$A$9:$A$158,"Yes")+SUMIFS('Operating Budget'!$T$9:$T$158,'Operating Budget'!$D$9:$D$158,A42,'Operating Budget'!$E$9:$E$158,"Operating Expense",'Operating Budget'!$A$9:$A$158,"Yes")+SUMIFS('Operating Budget'!$T$9:$T$158,'Operating Budget'!$D$9:$D$158,A42,'Operating Budget'!$E$9:$E$158,"Fixed Expense",'Operating Budget'!$A$9:$A$158,"Yes"),0) | D42: =IFERROR(B42-C42,0) | E42: =IFERROR(B42/$B$10,0) | F42: ="" | G42: =""
A43: Other | B43: =IFERROR(SUMIFS('Operating Budget'!$T$9:$T$158,'Operating Budget'!$D$9:$D$158,A43,'Operating Budget'!$E$9:$E$158,"Revenue",'Operating Budget'!$A$9:$A$158,"Yes"),0) | C43: =IFERROR(SUMIFS('Operating Budget'!$T$9:$T$158,'Operating Budget'!$D$9:$D$158,A43,'Operating Budget'!$E$9:$E$158,"Cost of Sales",'Operating Budget'!$A$9:$A$158,"Yes")+SUMIFS('Operating Budget'!$T$9:$T$158,'Operating Budget'!$D$9:$D$158,A43,'Operating Budget'!$E$9:$E$158,"Payroll & Related",'Operating Budget'!$A$9:$A$158,"Yes")+SUMIFS('Operating Budget'!$T$9:$T$158,'Operating Budget'!$D$9:$D$158,A43,'Operating Budget'!$E$9:$E$158,"Operating Expense",'Operating Budget'!$A$9:$A$158,"Yes")+SUMIFS('Operating Budget'!$T$9:$T$158,'Operating Budget'!$D$9:$D$158,A43,'Operating Budget'!$E$9:$E$158,"Fixed Expense",'Operating Budget'!$A$9:$A$158,"Yes"),0) | D43: =IFERROR(B43-C43,0) | E43: =IFERROR(B43/$B$10,0) | F43: ="" | G43: =""
A44: ="" | C44: ="" | D44: ="" | E44: ="" | F44: ="" | G44: =""
A45: ="" | C45: ="" | D45: ="" | E45: ="" | F45: ="" | G45: =""
A46: Labor Summary | C46: ="" | D46: ="" | E46: ="" | F46: ="" | G46: Annual Expense Mix
A47: Total Planned FTE | B47: =IFERROR(SUM('Labor Plan'!$AB$9:$AB$128),0) | C47: ="" | D47: ="" | E47: ="" | F47: ="" | G47: Cost of Sales | H47: =IFERROR(SUMIFS('Operating Budget'!$T$9:$T$158,'Operating Budget'!$E$9:$E$158,G47,'Operating Budget'!$A$9:$A$158,"Yes"),0)
A48: Total Base Wages | B48: =IFERROR(SUM('Labor Plan'!$M$9:$M$128),0) | C48: ="" | D48: ="" | E48: ="" | F48: ="" | G48: Payroll & Related | H48: =IFERROR(SUMIFS('Operating Budget'!$T$9:$T$158,'Operating Budget'!$E$9:$E$158,G48,'Operating Budget'!$A$9:$A$158,"Yes"),0)
A49: Total Payroll Burden | B49: =IFERROR(SUM('Labor Plan'!$N$9:$N$128),0) | C49: ="" | D49: ="" | E49: ="" | F49: ="" | G49: Operating Expense | H49: =IFERROR(SUMIFS('Operating Budget'!$T$9:$T$158,'Operating Budget'!$E$9:$E$158,G49,'Operating Budget'!$A$9:$A$158,"Yes"),0)
A50: Total Loaded Labor Cost | B50: =IFERROR(SUM('Labor Plan'!$O$9:$O$128),0) | C50: ="" | D50: ="" | E50: ="" | F50: ="" | G50: Fixed Expense | H50: =IFERROR(SUMIFS('Operating Budget'!$T$9:$T$158,'Operating Budget'!$E$9:$E$158,G50,'Operating Budget'!$A$9:$A$158,"Yes"),0)
A51: Labor Cost as Percent of Revenue | B51: =IFERROR(B50/$B$10,0) | C51: ="" | D51: ="" | E51: ="" | F51: ="" | G51: ="" | H51: =""
A52: Labor Budget Variance | B52: =IFERROR(SUMIFS('Operating Budget'!$T$9:$T$158,'Operating Budget'!$E$9:$E$158,"Payroll & Related",'Operating Budget'!$A$9:$A$158,"Yes")-B50,0) | C52: ="" | D52: ="" | E52: ="" | F52: ="" | G52: ="" | H52: =""
A53: ="" | B53: ="" | C53: ="" | D53: ="" | E53: ="" | F53: ="" | G53: ="" | H53: =""
A54: ="" | B54: ="" | C54: ="" | D54: ="" | E54: ="" | F54: ="" | G54: ="" | H54: =""
A55: ="" | B55: ="" | C55: ="" | D55: ="" | E55: ="" | F55: ="" | G55: ="" | H55: =""
A56: ="" | B56: ="" | C56: ="" | D56: ="" | E56: ="" | F56: ="" | G56: ="" | H56: =""
A57: ="" | B57: ="" | C57: ="" | D57: ="" | E57: ="" | F57: ="" | G57: ="" | H57: =""
A58: ="" | B58: ="" | C58: ="" | D58: ="" | E58: ="" | F58: ="" | G58: ="" | H58: =""
A59: ="" | B59: ="" | C59: ="" | D59: ="" | E59: ="" | F59: ="" | G59: ="" | H59: =""
A60: ="" | B60: ="" | C60: ="" | D60: ="" | E60: ="" | F60: ="" | G60: ="" | H60: =""
A61: ="" | B61: ="" | C61: ="" | D61: ="" | E61: ="" | F61: ="" | G61: ="" | H61: =""
A62: ="" | B62: ="" | C62: ="" | D62: ="" | E62: ="" | F62: ="" | G62: ="" | H62: =""
A63: ="" | B63: ="" | C63: ="" | D63: ="" | E63: ="" | F63: ="" | G63: ="" | H63: =""
A64: ="" | B64: ="" | C64: ="" | D64: ="" | E64: ="" | F64: ="" | G64: ="" | H64: =""
... A101: ="" | B101: ="" | C101: ="" | D101: ="" | E101: ="" | F101: ="" | G101: ="" | H101: =""

Sheet Operating Budget
A1: 2026 Operating Budget Detail
A2: Enter or revise monthly budget amounts in blue cells. Use positive amounts for revenue and expenses; dashboard formulas calculate profit by subtracting expenses from revenue.
A3: Property: | B3: =IFERROR('Assumptions'!$B$4,"") | D3: Budget Year: | E3: =IFERROR('Assumptions'!$B$5,0) | G3: Blue = editable input | I3: Gray = calculated | K3: Gold = review field
A5: Total Revenue | B5: =IFERROR(SUMIFS($T$9:$T$158,$E$9:$E$158,"Revenue",$A$9:$A$158,"Yes"),0) | D5: Total Expenses | E5: =IFERROR(SUMIFS($T$9:$T$158,$E$9:$E$158,"Cost of Sales",$A$9:$A$158,"Yes")+SUMIFS($T$9:$T$158,$E$9:$E$158,"Payroll & Related",$A$9:$A$158,"Yes")+SUMIFS($T$9:$T$158,$E$9:$E$158,"Operating Expense",$A$9:$A$158,"Yes")+SUMIFS($T$9:$T$158,$E$9:$E$158,"Fixed Expense",$A$9:$A$158,"Yes"),0) | G5: Gross Operating Profit | H5: =IFERROR(B5-E5,0) | J5: GOP Margin | K5: =IFERROR(H5/B5,0)
A8: Active? | B8: Account Code | C8: Account Name | D8: Department | E8: Account Type | F8: Budget Basis | G8: Notes | H8: January | I8: February | J8: March | K8: April | L8: May | M8: June | N8: July | O8: August | P8: September | Q8: October | R8: November | S8: December | T8: Annual Budget | U8: Monthly Average | V8: Percent of Total Revenue | W8: Review Status
A9: Yes | B9: 4000 | C9: Guest Room Revenue | D9: Rooms | E9: Revenue | F9: Occupancy Driven | G9: Based on occupied room nights | H9: 321542 | I9: 315700 | J9: 411180 | K9: 461376 | L9: 541296 | M9: 616968 | N9: 684375 | O9: 663920 | P9: 555984 | Q9: 601152 | R9: 443520 | S9: 402389 | T9: =IFERROR(IF(A9<>"Yes","",SUM(H9:S9)),"") | U9: =IFERROR(IF(A9<>"Yes","",T9/12),"") | V9: =IFERROR(IF(A9<>"Yes","",T9/SUMIFS($T$9:$T$158,$E$9:$E$158,"Revenue",$A$9:$A$158,"Yes")),"") | W9: =IFERROR(IF(AND(A9="",B9="",C9="",D9="",E9=""),"",IF(A9<>"Yes","",IF(OR(B9="",C9="",D9="",E9=""),"Missing setup",IF(T9=0,"No annual amount","Ready")))),"")
A10: Yes | B10: 4100 | C10: Meeting Room Rental | D10: Food & Beverage | E10: Revenue | F10: Seasonal Estimate | G10: Seasonal meeting and event demand | H10: 18000 | I10: 20000 | J10: 26000 | K10: 32000 | L10: 38000 | M10: 42000 | N10: 36000 | O10: 34000 | P10: 44000 | Q10: 52000 | R10: 30000 | S10: 28000 | T10: =IFERROR(IF(A10<>"Yes","",SUM(H10:S10)),"") | U10: =IFERROR(IF(A10<>"Yes","",T10/12),"") | V10: =IFERROR(IF(A10<>"Yes","",T10/SUMIFS($T$9:$T$158,$E$9:$E$158,"Revenue",$A$9:$A$158,"Yes")),"") | W10: =IFERROR(IF(AND(A10="",B10="",C10="",D10="",E10=""),"",IF(A10<>"Yes","",IF(OR(B10="",C10="",D10="",E10=""),"Missing setup",IF(T10=0,"No annual amount","Ready")))),"")
A11: Yes | B11: 4200 | C11: Restaurant and Bar Revenue | D11: Food & Beverage | E11: Revenue | F11: Occupancy Driven | G11: Restaurant, lounge, and room service | H11: 118000 | I11: 122000 | J11: 142000 | K11: 158000 | L11: 176000 | M11: 198000 | N11: 210000 | O11: 205000 | P11: 182000 | Q11: 190000 | R11: 152000 | S11: 146000 | T11: =IFERROR(IF(A11<>"Yes","",SUM(H11:S11)),"") | U11: =IFERROR(IF(A11<>"Yes","",T11/12),"") | V11: =IFERROR(IF(A11<>"Yes","",T11/SUMIFS($T$9:$T$158,$E$9:$E$158,"Revenue",$A$9:$A$158,"Yes")),"") | W11: =IFERROR(IF(AND(A11="",B11="",C11="",D11="",E11=""),"",IF(A11<>"Yes","",IF(OR(B11="",C11="",D11="",E11=""),"Missing setup",IF(T11=0,"No annual amount","Ready")))),"")
A12: Yes | B12: 5000 | C12: Food and Beverage Cost of Sales | D12: Food & Beverage | E12: Cost of Sales | F12: Management Estimate | G12: Food and beverage product cost | H12: 38000 | I12: 39000 | J12: 46000 | K12: 51000 | L12: 57000 | M12: 64000 | N12: 68000 | O12: 66000 | P12: 59000 | Q12: 62000 | R12: 49000 | S12: 47000 | T12: =IFERROR(IF(A12<>"Yes","",SUM(H12:S12)),"") | U12: =IFERROR(IF(A12<>"Yes","",T12/12),"") | V12: =IFERROR(IF(A12<>"Yes","",T12/SUMIFS($T$9:$T$158,$E$9:$E$158,"Revenue",$A$9:$A$158,"Yes")),"") | W12: =IFERROR(IF(AND(A12="",B12="",C12="",D12="",E12=""),"",IF(A12<>"Yes","",IF(OR(B12="",C12="",D12="",E12=""),"Missing setup",IF(T12=0,"No annual amount","Ready")))),"")
A13: Yes | B13: 6000 | C13: Wages and Salaries | D13: Rooms | E13: Payroll & Related | F13: Staffing Plan | G13: Reconciles to labor plan base wages | H13: 142303.33 | I13: 142303.33 | J13: 142303.33 | K13: 142303.33 | L13: 161023.33 | M13: 161023.33 | N13: 161023.33 | O13: 161023.33 | P13: 161023.33 | Q13: 161023.33 | R13: 142303.33 | S13: 142303.33 | T13: =IFERROR(IF(A13<>"Yes","",SUM(H13:S13)),"") | U13: =IFERROR(IF(A13<>"Yes","",T13/12),"") | V13: =IFERROR(IF(A13<>"Yes","",T13/SUMIFS($T$9:$T$158,$E$9:$E$158,"Revenue",$A$9:$A$158,"Yes")),"") | W13: =IFERROR(IF(AND(A13="",B13="",C13="",D13="",E13=""),"",IF(A13<>"Yes","",IF(OR(B13="",C13="",D13="",E13=""),"Missing setup",IF(T13=0,"No annual amount","Ready")))),"")
A14: Yes | B14: 6010 | C14: Payroll Taxes and Benefits | D14: Rooms | E14: Payroll & Related | F14: Staffing Plan | G14: Based on editable payroll burden | H14: 34152.8 | I14: 34152.8 | J14: 34152.8 | K14: 34152.8 | L14: 38645.6 | M14: 38645.6 | N14: 38645.6 | O14: 38645.6 | P14: 38645.6 | Q14: 38645.6 | R14: 34152.8 | S14: 34152.8 | T14: =IFERROR(IF(A14<>"Yes","",SUM(H14:S14)),"") | U14: =IFERROR(IF(A14<>"Yes","",T14/12),"") | V14: =IFERROR(IF(A14<>"Yes","",T14/SUMIFS($T$9:$T$158,$E$9:$E$158,"Revenue",$A$9:$A$158,"Yes")),"") | W14: =IFERROR(IF(AND(A14="",B14="",C14="",D14="",E14=""),"",IF(A14<>"Yes","",IF(OR(B14="",C14="",D14="",E14=""),"Missing setup",IF(T14=0,"No annual amount","Ready")))),"")
A15: Yes | B15: 7000 | C15: Guest Supplies | D15: Rooms | E15: Operating Expense | F15: Per Occupied Room | G15: Based on occupied room nights | H15: 10500 | I15: 10800 | J15: 12400 | K15: 13900 | L15: 15100 | M15: 16900 | N15: 17700 | O15: 17400 | P15: 15800 | Q15: 16100 | R15: 13300 | S15: 12100 | T15: =IFERROR(IF(A15<>"Yes","",SUM(H15:S15)),"") | U15: =IFERROR(IF(A15<>"Yes","",T15/12),"") | V15: =IFERROR(IF(A15<>"Yes","",T15/SUMIFS($T$9:$T$158,$E$9:$E$158,"Revenue",$A$9:$A$158,"Yes")),"") | W15: =IFERROR(IF(AND(A15="",B15="",C15="",D15="",E15=""),"",IF(A15<>"Yes","",IF(OR(B15="",C15="",D15="",E15=""),"Missing setup",IF(T15=0,"No annual amount","Ready")))),"")
A16: Yes | B16: 7100 | C16: Sales and Marketing | D16: Sales & Marketing | E16: Operating Expense | F16: Management Estimate | G16: Includes digital advertising | H16: 23000 | I16: 22000 | J16: 24000 | K16: 25000 | L16: 26000 | M16: 27000 | N16: 25000 | O16: 24000 | P16: 28000 | Q16: 30000 | R16: 26000 | S16: 25000 | T16: =IFERROR(IF(A16<>"Yes","",SUM(H16:S16)),"") | U16: =IFERROR(IF(A16<>"Yes","",T16/12),"") | V16: =IFERROR(IF(A16<>"Yes","",T16/SUMIFS($T$9:$T$158,$E$9:$E$158,"Revenue",$A$9:$A$158,"Yes")),"") | W16: =IFERROR(IF(AND(A16="",B16="",C16="",D16="",E16=""),"",IF(A16<>"Yes","",IF(OR(B16="",C16="",D16="",E16=""),"Missing setup",IF(T16=0,"No annual amount","Ready")))),"")
A17: Yes | B17: 7200 | C17: Repairs and Maintenance | D17: Property Operations & Maintenance | E17: Operating Expense | F17: Prior-Year Run Rate | G17: Preventive and corrective maintenance | H17: 26000 | I17: 25000 | J17: 27000 | K17: 28000 | L17: 30000 | M17: 33000 | N17: 35000 | O17: 34000 | P17: 29000 | Q17: 30000 | R17: 28000 | S17: 27000 | T17: =IFERROR(IF(A17<>"Yes","",SUM(H17:S17)),"") | U17: =IFERROR(IF(A17<>"Yes","",T17/12),"") | V17: =IFERROR(IF(A17<>"Yes","",T17/SUMIFS($T$9:$T$158,$E$9:$E$158,"Revenue",$A$9:$A$158,"Yes")),"") | W17: =IFERROR(IF(AND(A17="",B17="",C17="",D17="",E17=""),"",IF(A17<>"Yes","",IF(OR(B17="",C17="",D17="",E17=""),"Missing setup",IF(T17=0,"No annual amount","Ready")))),"")
A18: Yes | B18: 8000 | C18: Property Insurance | D18: Insurance | E18: Fixed Expense | F18: Contracted Amount | G18: Monthly premium estimate | H18: 20500 | I18: 20500 | J18: 20500 | K18: 20500 | L18: 20500 | M18: 20500 | N18: 20500 | O18: 20500 | P18: 20500 | Q18: 20500 | R18: 20500 | S18: 20500 | T18: =IFERROR(IF(A18<>"Yes","",SUM(H18:S18)),"") | U18: =IFERROR(IF(A18<>"Yes","",T18/12),"") | V18: =IFERROR(IF(A18<>"Yes","",T18/SUMIFS($T$9:$T$158,$E$9:$E$158,"Revenue",$A$9:$A$158,"Yes")),"") | W18: =IFERROR(IF(AND(A18="",B18="",C18="",D18="",E18=""),"",IF(A18<>"Yes","",IF(OR(B18="",C18="",D18="",E18=""),"Missing setup",IF(T18=0,"No annual amount","Ready")))),"")
T19: =IFERROR(IF(A19<>"Yes","",SUM(H19:S19)),"") | U19: =IFERROR(IF(A19<>"Yes","",T19/12),"") | V19: =IFERROR(IF(A19<>"Yes","",T19/SUMIFS($T$9:$T$158,$E$9:$E$158,"Revenue",$A$9:$A$158,"Yes")),"") | W19: =IFERROR(IF(AND(A19="",B19="",C19="",D19="",E19=""),"",IF(A19<>"Yes","",IF(OR(B19="",C19="",D19="",E19=""),"Missing setup",IF(T19=0,"No annual amount","Ready")))),"")
T20: =IFERROR(IF(A20<>"Yes","",SUM(H20:S20)),"") | U20: =IFERROR(IF(A20<>"Yes","",T20/12),"") | V20: =IFERROR(IF(A20<>"Yes","",T20/SUMIFS($T$9:$T$158,$E$9:$E$158,"Revenue",$A$9:$A$158,"Yes")),"") | W20: =IFERROR(IF(AND(A20="",B20="",C20="",D20="",E20=""),"",IF(A20<>"Yes","",IF(OR(B20="",C20="",D20="",E20=""),"Missing setup",IF(T20=0,"No annual amount","Ready")))),"")
T21: =IFERROR(IF(A21<>"Yes","",SUM(H21:S21)),"") | U21: =IFERROR(IF(A21<>"Yes","",T21/12),"") | V21: =IFERROR(IF(A21<>"Yes","",T21/SUMIFS($T$9:$T$158,$E$9:$E$158,"Revenue",$A$9:$A$158,"Yes")),"") | W21: =IFERROR(IF(AND(A21="",B21="",C21="",D21="",E21=""),"",IF(A21<>"Yes","",IF(OR(B21="",C21="",D21="",E21=""),"Missing setup",IF(T21=0,"No annual amount","Ready")))),"")
T22: =IFERROR(IF(A22<>"Yes","",SUM(H22:S22)),"") | U22: =IFERROR(IF(A22<>"Yes","",T22/12),"") | V22: =IFERROR(IF(A22<>"Yes","",T22/SUMIFS($T$9:$T$158,$E$9:$E$158,"Revenue",$A$9:$A$158,"Yes")),"") | W22: =IFERROR(IF(AND(A22="",B22="",C22="",D22="",E22=""),"",IF(A22<>"Yes","",IF(OR(B22="",C22="",D22="",E22=""),"Missing setup",IF(T22=0,"No annual amount","Ready")))),"")
T23: =IFERROR(IF(A23<>"Yes","",SUM(H23:S23)),"") | U23: =IFERROR(IF(A23<>"Yes","",T23/12),"") | V23: =IFERROR(IF(A23<>"Yes","",T23/SUMIFS($T$9:$T$158,$E$9:$E$158,"Revenue",$A$9:$A$158,"Yes")),"") | W23: =IFERROR(IF(AND(A23="",B23="",C23="",D23="",E23=""),"",IF(A23<>"Yes","",IF(OR(B23="",C23="",D23="",E23=""),"Missing setup",IF(T23=0,"No annual amount","Ready")))),"")
T24: =IFERROR(IF(A24<>"Yes","",SUM(H24:S24)),"") | U24: =IFERROR(IF(A24<>"Yes","",T24/12),"") | V24: =IFERROR(IF(A24<>"Yes","",T24/SUMIFS($T$9:$T$158,$E$9:$E$158,"Revenue",$A$9:$A$158,"Yes")),"") | W24: =IFERROR(IF(AND(A24="",B24="",C24="",D24="",E24=""),"",IF(A24<>"Yes","",IF(OR(B24="",C24="",D24="",E24=""),"Missing setup",IF(T24=0,"No annual amount","Ready")))),"")
T25: =IFERROR(IF(A25<>"Yes","",SUM(H25:S25)),"") | U25: =IFERROR(IF(A25<>"Yes","",T25/12),"") | V25: =IFERROR(IF(A25<>"Yes","",T25/SUMIFS($T$9:$T$158,$E$9:$E$158,"Revenue",$A$9:$A$158,"Yes")),"") | W25: =IFERROR(IF(AND(A25="",B25="",C25="",D25="",E25=""),"",IF(A25<>"Yes","",IF(OR(B25="",C25="",D25="",E25=""),"Missing setup",IF(T25=0,"No annual amount","Ready")))),"")
T26: =IFERROR(IF(A26<>"Yes","",SUM(H26:S26)),"") | U26: =IFERROR(IF(A26<>"Yes","",T26/12),"") | V26: =IFERROR(IF(A26<>"Yes","",T26/SUMIFS($T$9:$T$158,$E$9:$E$158,"Revenue",$A$9:$A$158,"Yes")),"") | W26: =IFERROR(IF(AND(A26="",B26="",C26="",D26="",E26=""),"",IF(A26<>"Yes","",IF(OR(B26="",C26="",D26="",E26=""),"Missing setup",IF(T26=0,"No annual amount","Ready")))),"")
T27: =IFERROR(IF(A27<>"Yes","",SUM(H27:S27)),"") | U27: =IFERROR(IF(A27<>"Yes","",T27/12),"") | V27: =IFERROR(IF(A27<>"Yes","",T27/SUMIFS($T$9:$T$158,$E$9:$E$158,"Revenue",$A$9:$A$158,"Yes")),"") | W27: =IFERROR(IF(AND(A27="",B27="",C27="",D27="",E27=""),"",IF(A27<>"Yes","",IF(OR(B27="",C27="",D27="",E27=""),"Missing setup",IF(T27=0,"No annual amount","Ready")))),"")
T28: =IFERROR(IF(A28<>"Yes","",SUM(H28:S28)),"") | U28: =IFERROR(IF(A28<>"Yes","",T28/12),"") | V28: =IFERROR(IF(A28<>"Yes","",T28/SUMIFS($T$9:$T$158,$E$9:$E$158,"Revenue",$A$9:$A$158,"Yes")),"") | W28: =IFERROR(IF(AND(A28="",B28="",C28="",D28="",E28=""),"",IF(A28<>"Yes","",IF(OR(B28="",C28="",D28="",E28=""),"Missing setup",IF(T28=0,"No annual amount","Ready")))),"")
T29: =IFERROR(IF(A29<>"Yes","",SUM(H29:S29)),"") | U29: =IFERROR(IF(A29<>"Yes","",T29/12),"") | V29: =IFERROR(IF(A29<>"Yes","",T29/SUMIFS($T$9:$T$158,$E$9:$E$158,"Revenue",$A$9:$A$158,"Yes")),"") | W29: =IFERROR(IF(AND(A29="",B29="",C29="",D29="",E29=""),"",IF(A29<>"Yes","",IF(OR(B29="",C29="",D29="",E29=""),"Missing setup",IF(T29=0,"No annual amount","Ready")))),"")
T30: =IFERROR(IF(A30<>"Yes","",SUM(H30:S30)),"") | U30: =IFERROR(IF(A30<>"Yes","",T30/12),"") | V30: =IFERROR(IF(A30<>"Yes","",T30/SUMIFS($T$9:$T$158,$E$9:$E$158,"Revenue",$A$9:$A$158,"Yes")),"") | W30: =IFERROR(IF(AND(A30="",B30="",C30="",D30="",E30=""),"",IF(A30<>"Yes","",IF(OR(B30="",C30="",D30="",E30=""),"Missing setup",IF(T30=0,"No annual amount","Ready")))),"")
... T158: =IFERROR(IF(A158<>"Yes","",SUM(H158:S158)),"") | U158: =IFERROR(IF(A158<>"Yes","",T158/12),"") | V158: =IFERROR(IF(A158<>"Yes","",T158/SUMIFS($T$9:$T$158,$E$9:$E$158,"Revenue",$A$9:$A$158,"Yes")),"") | W158: =IFERROR(IF(AND(A158="",B158="",C158="",D158="",E158=""),"",IF(A158<>"Yes","",IF(OR(B158="",C158="",D158="",E158=""),"Missing setup",IF(T158=0,"No annual amount","Ready")))),"")

Sheet Labor Plan
A1: 2026 Labor and Staffing Plan
A2: Enter planned staffing levels, regular hours, pay rates, and active months. Loaded labor cost includes the editable payroll tax and benefit burden from Assumptions.
A3: Property: | B3: =IFERROR('Assumptions'!$B$4,"") | D3: Budget Year: | E3: =IFERROR('Assumptions'!$B$5,0) | G3: Blue = editable input | I3: Gray = calculated
A5: Planned Headcount | B5: =IFERROR(SUMIFS($F$9:$F$128,$A$9:$A$128,"Yes"),0) | D5: Annual FTE | E5: =IFERROR(SUM($AB$9:$AB$128),0) | G5: Base Wages | H5: =IFERROR(SUM($M$9:$M$128),0) | J5: Payroll Burden | K5: =IFERROR(SUM($N$9:$N$128),0) | M5: Loaded Labor Cost | N5: =IFERROR(SUM($O$9:$O$128),0) | Q5: Payroll Budget from Operating Budget | R5: =IFERROR(SUMIFS('Operating Budget'!$T$9:$T$158,'Operating Budget'!$E$9:$E$158,"Payroll & Related",'Operating Budget'!$A$9:$A$158,"Yes"),0) | U5: Labor Budget Variance | V5: =IFERROR(H5-E5,0) | Y5: Loaded Labor Cost as Percent of Total Revenue | Z5: =IFERROR(E5/SUMIFS('Operating Budget'!$T$9:$T$158,'Operating Budget'!$E$9:$E$158,"Revenue",'Operating Budget'!$A$9:$A$158,"Yes"),0)
A8: Active? | B8: Department | C8: Position | D8: Employment Type | E8: Pay Type | F8: Planned Headcount | G8: Average Hours per Week | H8: Hourly Rate | I8: Annual Salary per Employee | J8: Start Month | K8: End Month | L8: Active Months | M8: Annual Base Wages | N8: Payroll Tax and Benefit Burden | O8: Annual Loaded Labor Cost | P8: January Loaded Cost | Q8: February Loaded Cost | R8: March Loaded Cost | S8: April Loaded Cost | T8: May Loaded Cost | U8: June Loaded Cost | V8: July Loaded Cost | W8: August Loaded Cost | X8: September Loaded Cost | Y8: October Loaded Cost | Z8: November Loaded Cost | AA8: December Loaded Cost | AB8: Annual FTE | AC8: Review Status | AD8: Manager Notes
A9: Yes | B9: Administrative & General | C9: General Manager | D9: Full-Time | E9: Salaried | F9: 1 | G9: 0 | H9: 0 | I9: 145000 | J9: January | K9: December | L9: =IFERROR(IF(A9<>"Yes","",MAX(0,MATCH(K9,'Assumptions'!$T$5:$T$16,0)-MATCH(J9,'Assumptions'!$T$5:$T$16,0)+1)),"") | M9: =IFERROR(IF(A9<>"Yes","",IF(E9="Hourly",F9*G9*52/12*L9*H9,IF(E9="Salaried",F9*I9/12*L9,0))),"") | N9: =IFERROR(IF(A9<>"Yes","",M9*'Assumptions'!$B$9),"") | O9: =IFERROR(IF(A9<>"Yes","",M9+N9),"") | P9: =IFERROR(IF(A9<>"Yes","",IF(AND(1>=MATCH(J9,'Assumptions'!$T$5:$T$16,0),1<=MATCH(K9,'Assumptions'!$T$5:$T$16,0)),O9/L9,0)),"") | Q9: =IFERROR(IF(A9<>"Yes","",IF(AND(2>=MATCH(J9,'Assumptions'!$T$5:$T$16,0),2<=MATCH(K9,'Assumptions'!$T$5:$T$16,0)),O9/L9,0)),"") | R9: =IFERROR(IF(A9<>"Yes","",IF(AND(3>=MATCH(J9,'Assumptions'!$T$5:$T$16,0),3<=MATCH(K9,'Assumptions'!$T$5:$T$16,0)),O9/L9,0)),"") | S9: =IFERROR(IF(A9<>"Yes","",IF(AND(4>=MATCH(J9,'Assumptions'!$T$5:$T$16,0),4<=MATCH(K9,'Assumptions'!$T$5:$T$16,0)),O9/L9,0)),"") | T9: =IFERROR(IF(A9<>"Yes","",IF(AND(5>=MATCH(J9,'Assumptions'!$T$5:$T$16,0),5<=MATCH(K9,'Assumptions'!$T$5:$T$16,0)),O9/L9,0)),"") | U9: =IFERROR(IF(A9<>"Yes","",IF(AND(6>=MATCH(J9,'Assumptions'!$T$5:$T$16,0),6<=MATCH(K9,'Assumptions'!$T$5:$T$16,0)),O9/L9,0)),"") | V9: =IFERROR(IF(A9<>"Yes","",IF(AND(7>=MATCH(J9,'Assumptions'!$T$5:$T$16,0),7<=MATCH(K9,'Assumptions'!$T$5:$T$16,0)),O9/L9,0)),"") | W9: =IFERROR(IF(A9<>"Yes","",IF(AND(8>=MATCH(J9,'Assumptions'!$T$5:$T$16,0),8<=MATCH(K9,'Assumptions'!$T$5:$T$16,0)),O9/L9,0)),"") | X9: =IFERROR(IF(A9<>"Yes","",IF(AND(9>=MATCH(J9,'Assumptions'!$T$5:$T$16,0),9<=MATCH(K9,'Assumptions'!$T$5:$T$16,0)),O9/L9,0)),"") | Y9: =IFERROR(IF(A9<>"Yes","",IF(AND(10>=MATCH(J9,'Assumptions'!$T$5:$T$16,0),10<=MATCH(K9,'Assumptions'!$T$5:$T$16,0)),O9/L9,0)),"") | Z9: =IFERROR(IF(A9<>"Yes","",IF(AND(11>=MATCH(J9,'Assumptions'!$T$5:$T$16,0),11<=MATCH(K9,'Assumptions'!$T$5:$T$16,0)),O9/L9,0)),"") | AA9: =IFERROR(IF(A9<>"Yes","",IF(AND(12>=MATCH(J9,'Assumptions'!$T$5:$T$16,0),12<=MATCH(K9,'Assumptions'!$T$5:$T$16,0)),O9/L9,0)),"") | AB9: =IFERROR(IF(A9<>"Yes","",IF(E9="Hourly",F9*G9/'Assumptions'!$B$8*L9/12,IF(E9="Salaried",F9*L9/12,0))),"") | AC9: =IFERROR(IF(AND(A9="",B9="",C9="",D9="",E9=""),"",IF(A9<>"Yes","",IF(OR(B9="",C9="",D9="",E9="",J9="",K9=""),"Missing setup",IF(MATCH(K9,'Assumptions'!$T$5:$T$16,0)<MATCH(J9,'Assumptions'!$T$5:$T$16,0),"Check month range",IF(AND(E9="Hourly",OR(G9<=0,H9<=0)),"Enter hourly inputs",IF(AND(E9="Salaried",I9<=0),"Enter salary","Ready")))))),"") | AD9: Executive property leadership
A10: Yes | B10: Rooms | C10: Front Office Manager | D10: Full-Time | E10: Salaried | F10: 1 | G10: 0 | H10: 0 | I10: 68000 | J10: January | K10: December | L10: =IFERROR(IF(A10<>"Yes","",MAX(0,MATCH(K10,'Assumptions'!$T$5:$T$16,0)-MATCH(J10,'Assumptions'!$T$5:$T$16,0)+1)),"") | M10: =IFERROR(IF(A10<>"Yes","",IF(E10="Hourly",F10*G10*52/12*L10*H10,IF(E10="Salaried",F10*I10/12*L10,0))),"") | N10: =IFERROR(IF(A10<>"Yes","",M10*'Assumptions'!$B$9),"") | O10: =IFERROR(IF(A10<>"Yes","",M10+N10),"") | P10: =IFERROR(IF(A10<>"Yes","",IF(AND(1>=MATCH(J10,'Assumptions'!$T$5:$T$16,0),1<=MATCH(K10,'Assumptions'!$T$5:$T$16,0)),O10/L10,0)),"") | Q10: =IFERROR(IF(A10<>"Yes","",IF(AND(2>=MATCH(J10,'Assumptions'!$T$5:$T$16,0),2<=MATCH(K10,'Assumptions'!$T$5:$T$16,0)),O10/L10,0)),"") | R10: =IFERROR(IF(A10<>"Yes","",IF(AND(3>=MATCH(J10,'Assumptions'!$T$5:$T$16,0),3<=MATCH(K10,'Assumptions'!$T$5:$T$16,0)),O10/L10,0)),"") | S10: =IFERROR(IF(A10<>"Yes","",IF(AND(4>=MATCH(J10,'Assumptions'!$T$5:$T$16,0),4<=MATCH(K10,'Assumptions'!$T$5:$T$16,0)),O10/L10,0)),"") | T10: =IFERROR(IF(A10<>"Yes","",IF(AND(5>=MATCH(J10,'Assumptions'!$T$5:$T$16,0),5<=MATCH(K10,'Assumptions'!$T$5:$T$16,0)),O10/L10,0)),"") | U10: =IFERROR(IF(A10<>"Yes","",IF(AND(6>=MATCH(J10,'Assumptions'!$T$5:$T$16,0),6<=MATCH(K10,'Assumptions'!$T$5:$T$16,0)),O10/L10,0)),"") | V10: =IFERROR(IF(A10<>"Yes","",IF(AND(7>=MATCH(J10,'Assumptions'!$T$5:$T$16,0),7<=MATCH(K10,'Assumptions'!$T$5:$T$16,0)),O10/L10,0)),"") | W10: =IFERROR(IF(A10<>"Yes","",IF(AND(8>=MATCH(J10,'Assumptions'!$T$5:$T$16,0),8<=MATCH(K10,'Assumptions'!$T$5:$T$16,0)),O10/L10,0)),"") | X10: =IFERROR(IF(A10<>"Yes","",IF(AND(9>=MATCH(J10,'Assumptions'!$T$5:$T$16,0),9<=MATCH(K10,'Assumptions'!$T$5:$T$16,0)),O10/L10,0)),"") | Y10: =IFERROR(IF(A10<>"Yes","",IF(AND(10>=MATCH(J10,'Assumptions'!$T$5:$T$16,0),10<=MATCH(K10,'Assumptions'!$T$5:$T$16,0)),O10/L10,0)),"") | Z10: =IFERROR(IF(A10<>"Yes","",IF(AND(11>=MATCH(J10,'Assumptions'!$T$5:$T$16,0),11<=MATCH(K10,'Assumptions'!$T$5:$T$16,0)),O10/L10,0)),"") | AA10: =IFERROR(IF(A10<>"Yes","",IF(AND(12>=MATCH(J10,'Assumptions'!$T$5:$T$16,0),12<=MATCH(K10,'Assumptions'!$T$5:$T$16,0)),O10/L10,0)),"") | AB10: =IFERROR(IF(A10<>"Yes","",IF(E10="Hourly",F10*G10/'Assumptions'!$B$8*L10/12,IF(E10="Salaried",F10*L10/12,0))),"") | AC10: =IFERROR(IF(AND(A10="",B10="",C10="",D10="",E10=""),"",IF(A10<>"Yes","",IF(OR(B10="",C10="",D10="",E10="",J10="",K10=""),"Missing setup",IF(MATCH(K10,'Assumptions'!$T$5:$T$16,0)<MATCH(J10,'Assumptions'!$T$5:$T$16,0),"Check month range",IF(AND(E10="Hourly",OR(G10<=0,H10<=0)),"Enter hourly inputs",IF(AND(E10="Salaried",I10<=0),"Enter salary","Ready")))))),"") | AD10: Front office oversight
A11: Yes | B11: Rooms | C11: Front Desk Agent | D11: Full-Time | E11: Hourly | F11: 6 | G11: 40 | H11: 20.5 | I11: 0 | J11: January | K11: December | L11: =IFERROR(IF(A11<>"Yes","",MAX(0,MATCH(K11,'Assumptions'!$T$5:$T$16,0)-MATCH(J11,'Assumptions'!$T$5:$T$16,0)+1)),"") | M11: =IFERROR(IF(A11<>"Yes","",IF(E11="Hourly",F11*G11*52/12*L11*H11,IF(E11="Salaried",F11*I11/12*L11,0))),"") | N11: =IFERROR(IF(A11<>"Yes","",M11*'Assumptions'!$B$9),"") | O11: =IFERROR(IF(A11<>"Yes","",M11+N11),"") | P11: =IFERROR(IF(A11<>"Yes","",IF(AND(1>=MATCH(J11,'Assumptions'!$T$5:$T$16,0),1<=MATCH(K11,'Assumptions'!$T$5:$T$16,0)),O11/L11,0)),"") | Q11: =IFERROR(IF(A11<>"Yes","",IF(AND(2>=MATCH(J11,'Assumptions'!$T$5:$T$16,0),2<=MATCH(K11,'Assumptions'!$T$5:$T$16,0)),O11/L11,0)),"") | R11: =IFERROR(IF(A11<>"Yes","",IF(AND(3>=MATCH(J11,'Assumptions'!$T$5:$T$16,0),3<=MATCH(K11,'Assumptions'!$T$5:$T$16,0)),O11/L11,0)),"") | S11: =IFERROR(IF(A11<>"Yes","",IF(AND(4>=MATCH(J11,'Assumptions'!$T$5:$T$16,0),4<=MATCH(K11,'Assumptions'!$T$5:$T$16,0)),O11/L11,0)),"") | T11: =IFERROR(IF(A11<>"Yes","",IF(AND(5>=MATCH(J11,'Assumptions'!$T$5:$T$16,0),5<=MATCH(K11,'Assumptions'!$T$5:$T$16,0)),O11/L11,0)),"") | U11: =IFERROR(IF(A11<>"Yes","",IF(AND(6>=MATCH(J11,'Assumptions'!$T$5:$T$16,0),6<=MATCH(K11,'Assumptions'!$T$5:$T$16,0)),O11/L11,0)),"") | V11: =IFERROR(IF(A11<>"Yes","",IF(AND(7>=MATCH(J11,'Assumptions'!$T$5:$T$16,0),7<=MATCH(K11,'Assumptions'!$T$5:$T$16,0)),O11/L11,0)),"") | W11: =IFERROR(IF(A11<>"Yes","",IF(AND(8>=MATCH(J11,'Assumptions'!$T$5:$T$16,0),8<=MATCH(K11,'Assumptions'!$T$5:$T$16,0)),O11/L11,0)),"") | X11: =IFERROR(IF(A11<>"Yes","",IF(AND(9>=MATCH(J11,'Assumptions'!$T$5:$T$16,0),9<=MATCH(K11,'Assumptions'!$T$5:$T$16,0)),O11/L11,0)),"") | Y11: =IFERROR(IF(A11<>"Yes","",IF(AND(10>=MATCH(J11,'Assumptions'!$T$5:$T$16,0),10<=MATCH(K11,'Assumptions'!$T$5:$T$16,0)),O11/L11,0)),"") | Z11: =IFERROR(IF(A11<>"Yes","",IF(AND(11>=MATCH(J11,'Assumptions'!$T$5:$T$16,0),11<=MATCH(K11,'Assumptions'!$T$5:$T$16,0)),O11/L11,0)),"") | AA11: =IFERROR(IF(A11<>"Yes","",IF(AND(12>=MATCH(J11,'Assumptions'!$T$5:$T$16,0),12<=MATCH(K11,'Assumptions'!$T$5:$T$16,0)),O11/L11,0)),"") | AB11: =IFERROR(IF(A11<>"Yes","",IF(E11="Hourly",F11*G11/'Assumptions'!$B$8*L11/12,IF(E11="Salaried",F11*L11/12,0))),"") | AC11: =IFERROR(IF(AND(A11="",B11="",C11="",D11="",E11=""),"",IF(A11<>"Yes","",IF(OR(B11="",C11="",D11="",E11="",J11="",K11=""),"Missing setup",IF(MATCH(K11,'Assumptions'!$T$5:$T$16,0)<MATCH(J11,'Assumptions'!$T$5:$T$16,0),"Check month range",IF(AND(E11="Hourly",OR(G11<=0,H11<=0)),"Enter hourly inputs",IF(AND(E11="Salaried",I11<=0),"Enter salary","Ready")))))),"") | AD11: Coverage across primary shifts
A12: Yes | B12: Rooms | C12: Night Auditor | D12: Full-Time | E12: Hourly | F12: 2 | G12: 40 | H12: 22 | I12: 0 | J12: January | K12: December | L12: =IFERROR(IF(A12<>"Yes","",MAX(0,MATCH(K12,'Assumptions'!$T$5:$T$16,0)-MATCH(J12,'Assumptions'!$T$5:$T$16,0)+1)),"") | M12: =IFERROR(IF(A12<>"Yes","",IF(E12="Hourly",F12*G12*52/12*L12*H12,IF(E12="Salaried",F12*I12/12*L12,0))),"") | N12: =IFERROR(IF(A12<>"Yes","",M12*'Assumptions'!$B$9),"") | O12: =IFERROR(IF(A12<>"Yes","",M12+N12),"") | P12: =IFERROR(IF(A12<>"Yes","",IF(AND(1>=MATCH(J12,'Assumptions'!$T$5:$T$16,0),1<=MATCH(K12,'Assumptions'!$T$5:$T$16,0)),O12/L12,0)),"") | Q12: =IFERROR(IF(A12<>"Yes","",IF(AND(2>=MATCH(J12,'Assumptions'!$T$5:$T$16,0),2<=MATCH(K12,'Assumptions'!$T$5:$T$16,0)),O12/L12,0)),"") | R12: =IFERROR(IF(A12<>"Yes","",IF(AND(3>=MATCH(J12,'Assumptions'!$T$5:$T$16,0),3<=MATCH(K12,'Assumptions'!$T$5:$T$16,0)),O12/L12,0)),"") | S12: =IFERROR(IF(A12<>"Yes","",IF(AND(4>=MATCH(J12,'Assumptions'!$T$5:$T$16,0),4<=MATCH(K12,'Assumptions'!$T$5:$T$16,0)),O12/L12,0)),"") | T12: =IFERROR(IF(A12<>"Yes","",IF(AND(5>=MATCH(J12,'Assumptions'!$T$5:$T$16,0),5<=MATCH(K12,'Assumptions'!$T$5:$T$16,0)),O12/L12,0)),"") | U12: =IFERROR(IF(A12<>"Yes","",IF(AND(6>=MATCH(J12,'Assumptions'!$T$5:$T$16,0),6<=MATCH(K12,'Assumptions'!$T$5:$T$16,0)),O12/L12,0)),"") | V12: =IFERROR(IF(A12<>"Yes","",IF(AND(7>=MATCH(J12,'Assumptions'!$T$5:$T$16,0),7<=MATCH(K12,'Assumptions'!$T$5:$T$16,0)),O12/L12,0)),"") | W12: =IFERROR(IF(A12<>"Yes","",IF(AND(8>=MATCH(J12,'Assumptions'!$T$5:$T$16,0),8<=MATCH(K12,'Assumptions'!$T$5:$T$16,0)),O12/L12,0)),"") | X12: =IFERROR(IF(A12<>"Yes","",IF(AND(9>=MATCH(J12,'Assumptions'!$T$5:$T$16,0),9<=MATCH(K12,'Assumptions'!$T$5:$T$16,0)),O12/L12,0)),"") | Y12: =IFERROR(IF(A12<>"Yes","",IF(AND(10>=MATCH(J12,'Assumptions'!$T$5:$T$16,0),10<=MATCH(K12,'Assumptions'!$T$5:$T$16,0)),O12/L12,0)),"") | Z12: =IFERROR(IF(A12<>"Yes","",IF(AND(11>=MATCH(J12,'Assumptions'!$T$5:$T$16,0),11<=MATCH(K12,'Assumptions'!$T$5:$T$16,0)),O12/L12,0)),"") | AA12: =IFERROR(IF(A12<>"Yes","",IF(AND(12>=MATCH(J12,'Assumptions'!$T$5:$T$16,0),12<=MATCH(K12,'Assumptions'!$T$5:$T$16,0)),O12/L12,0)),"") | AB12: =IFERROR(IF(A12<>"Yes","",IF(E12="Hourly",F12*G12/'Assumptions'!$B$8*L12/12,IF(E12="Salaried",F12*L12/12,0))),"") | AC12: =IFERROR(IF(AND(A12="",B12="",C12="",D12="",E12=""),"",IF(A12<>"Yes","",IF(OR(B12="",C12="",D12="",E12="",J12="",K12=""),"Missing setup",IF(MATCH(K12,'Assumptions'!$T$5:$T$16,0)<MATCH(J12,'Assumptions'!$T$5:$T$16,0),"Check month range",IF(AND(E12="Hourly",OR(G12<=0,H12<=0)),"Enter hourly inputs",IF(AND(E12="Salaried",I12<=0),"Enter salary","Ready")))))),"") | AD12: Overnight front desk coverage
A13: Yes | B13: Rooms | C13: Housekeeping Supervisor | D13: Full-Time | E13: Hourly | F13: 2 | G13: 40 | H13: 24 | I13: 0 | J13: January | K13: December | L13: =IFERROR(IF(A13<>"Yes","",MAX(0,MATCH(K13,'Assumptions'!$T$5:$T$16,0)-MATCH(J13,'Assumptions'!$T$5:$T$16,0)+1)),"") | M13: =IFERROR(IF(A13<>"Yes","",IF(E13="Hourly",F13*G13*52/12*L13*H13,IF(E13="Salaried",F13*I13/12*L13,0))),"") | N13: =IFERROR(IF(A13<>"Yes","",M13*'Assumptions'!$B$9),"") | O13: =IFERROR(IF(A13<>"Yes","",M13+N13),"") | P13: =IFERROR(IF(A13<>"Yes","",IF(AND(1>=MATCH(J13,'Assumptions'!$T$5:$T$16,0),1<=MATCH(K13,'Assumptions'!$T$5:$T$16,0)),O13/L13,0)),"") | Q13: =IFERROR(IF(A13<>"Yes","",IF(AND(2>=MATCH(J13,'Assumptions'!$T$5:$T$16,0),2<=MATCH(K13,'Assumptions'!$T$5:$T$16,0)),O13/L13,0)),"") | R13: =IFERROR(IF(A13<>"Yes","",IF(AND(3>=MATCH(J13,'Assumptions'!$T$5:$T$16,0),3<=MATCH(K13,'Assumptions'!$T$5:$T$16,0)),O13/L13,0)),"") | S13: =IFERROR(IF(A13<>"Yes","",IF(AND(4>=MATCH(J13,'Assumptions'!$T$5:$T$16,0),4<=MATCH(K13,'Assumptions'!$T$5:$T$16,0)),O13/L13,0)),"") | T13: =IFERROR(IF(A13<>"Yes","",IF(AND(5>=MATCH(J13,'Assumptions'!$T$5:$T$16,0),5<=MATCH(K13,'Assumptions'!$T$5:$T$16,0)),O13/L13,0)),"") | U13: =IFERROR(IF(A13<>"Yes","",IF(AND(6>=MATCH(J13,'Assumptions'!$T$5:$T$16,0),6<=MATCH(K13,'Assumptions'!$T$5:$T$16,0)),O13/L13,0)),"") | V13: =IFERROR(IF(A13<>"Yes","",IF(AND(7>=MATCH(J13,'Assumptions'!$T$5:$T$16,0),7<=MATCH(K13,'Assumptions'!$T$5:$T$16,0)),O13/L13,0)),"") | W13: =IFERROR(IF(A13<>"Yes","",IF(AND(8>=MATCH(J13,'Assumptions'!$T$5:$T$16,0),8<=MATCH(K13,'Assumptions'!$T$5:$T$16,0)),O13/L13,0)),"") | X13: =IFERROR(IF(A13<>"Yes","",IF(AND(9>=MATCH(J13,'Assumptions'!$T$5:$T$16,0),9<=MATCH(K13,'Assumptions'!$T$5:$T$16,0)),O13/L13,0)),"") | Y13: =IFERROR(IF(A13<>"Yes","",IF(AND(10>=MATCH(J13,'Assumptions'!$T$5:$T$16,0),10<=MATCH(K13,'Assumptions'!$T$5:$T$16,0)),O13/L13,0)),"") | Z13: =IFERROR(IF(A13<>"Yes","",IF(AND(11>=MATCH(J13,'Assumptions'!$T$5:$T$16,0),11<=MATCH(K13,'Assumptions'!$T$5:$T$16,0)),O13/L13,0)),"") | AA13: =IFERROR(IF(A13<>"Yes","",IF(AND(12>=MATCH(J13,'Assumptions'!$T$5:$T$16,0),12<=MATCH(K13,'Assumptions'!$T$5:$T$16,0)),O13/L13,0)),"") | AB13: =IFERROR(IF(A13<>"Yes","",IF(E13="Hourly",F13*G13/'Assumptions'!$B$8*L13/12,IF(E13="Salaried",F13*L13/12,0))),"") | AC13: =IFERROR(IF(AND(A13="",B13="",C13="",D13="",E13=""),"",IF(A13<>"Yes","",IF(OR(B13="",C13="",D13="",E13="",J13="",K13=""),"Missing setup",IF(MATCH(K13,'Assumptions'!$T$5:$T$16,0)<MATCH(J13,'Assumptions'!$T$5:$T$16,0),"Check month range",IF(AND(E13="Hourly",OR(G13<=0,H13<=0)),"Enter hourly inputs",IF(AND(E13="Salaried",I13<=0),"Enter salary","Ready")))))),"") | AD13: Housekeeping floor supervision
A14: Yes | B14: Rooms | C14: Room Attendant | D14: Full-Time | E14: Hourly | F14: 14 | G14: 38 | H14: 18.75 | I14: 0 | J14: January | K14: December | L14: =IFERROR(IF(A14<>"Yes","",MAX(0,MATCH(K14,'Assumptions'!$T$5:$T$16,0)-MATCH(J14,'Assumptions'!$T$5:$T$16,0)+1)),"") | M14: =IFERROR(IF(A14<>"Yes","",IF(E14="Hourly",F14*G14*52/12*L14*H14,IF(E14="Salaried",F14*I14/12*L14,0))),"") | N14: =IFERROR(IF(A14<>"Yes","",M14*'Assumptions'!$B$9),"") | O14: =IFERROR(IF(A14<>"Yes","",M14+N14),"") | P14: =IFERROR(IF(A14<>"Yes","",IF(AND(1>=MATCH(J14,'Assumptions'!$T$5:$T$16,0),1<=MATCH(K14,'Assumptions'!$T$5:$T$16,0)),O14/L14,0)),"") | Q14: =IFERROR(IF(A14<>"Yes","",IF(AND(2>=MATCH(J14,'Assumptions'!$T$5:$T$16,0),2<=MATCH(K14,'Assumptions'!$T$5:$T$16,0)),O14/L14,0)),"") | R14: =IFERROR(IF(A14<>"Yes","",IF(AND(3>=MATCH(J14,'Assumptions'!$T$5:$T$16,0),3<=MATCH(K14,'Assumptions'!$T$5:$T$16,0)),O14/L14,0)),"") | S14: =IFERROR(IF(A14<>"Yes","",IF(AND(4>=MATCH(J14,'Assumptions'!$T$5:$T$16,0),4<=MATCH(K14,'Assumptions'!$T$5:$T$16,0)),O14/L14,0)),"") | T14: =IFERROR(IF(A14<>"Yes","",IF(AND(5>=MATCH(J14,'Assumptions'!$T$5:$T$16,0),5<=MATCH(K14,'Assumptions'!$T$5:$T$16,0)),O14/L14,0)),"") | U14: =IFERROR(IF(A14<>"Yes","",IF(AND(6>=MATCH(J14,'Assumptions'!$T$5:$T$16,0),6<=MATCH(K14,'Assumptions'!$T$5:$T$16,0)),O14/L14,0)),"") | V14: =IFERROR(IF(A14<>"Yes","",IF(AND(7>=MATCH(J14,'Assumptions'!$T$5:$T$16,0),7<=MATCH(K14,'Assumptions'!$T$5:$T$16,0)),O14/L14,0)),"") | W14: =IFERROR(IF(A14<>"Yes","",IF(AND(8>=MATCH(J14,'Assumptions'!$T$5:$T$16,0),8<=MATCH(K14,'Assumptions'!$T$5:$T$16,0)),O14/L14,0)),"") | X14: =IFERROR(IF(A14<>"Yes","",IF(AND(9>=MATCH(J14,'Assumptions'!$T$5:$T$16,0),9<=MATCH(K14,'Assumptions'!$T$5:$T$16,0)),O14/L14,0)),"") | Y14: =IFERROR(IF(A14<>"Yes","",IF(AND(10>=MATCH(J14,'Assumptions'!$T$5:$T$16,0),10<=MATCH(K14,'Assumptions'!$T$5:$T$16,0)),O14/L14,0)),"") | Z14: =IFERROR(IF(A14<>"Yes","",IF(AND(11>=MATCH(J14,'Assumptions'!$T$5:$T$16,0),11<=MATCH(K14,'Assumptions'!$T$5:$T$16,0)),O14/L14,0)),"") | AA14: =IFERROR(IF(A14<>"Yes","",IF(AND(12>=MATCH(J14,'Assumptions'!$T$5:$T$16,0),12<=MATCH(K14,'Assumptions'!$T$5:$T$16,0)),O14/L14,0)),"") | AB14: =IFERROR(IF(A14<>"Yes","",IF(E14="Hourly",F14*G14/'Assumptions'!$B$8*L14/12,IF(E14="Salaried",F14*L14/12,0))),"") | AC14: =IFERROR(IF(AND(A14="",B14="",C14="",D14="",E14=""),"",IF(A14<>"Yes","",IF(OR(B14="",C14="",D14="",E14="",J14="",K14=""),"Missing setup",IF(MATCH(K14,'Assumptions'!$T$5:$T$16,0)<MATCH(J14,'Assumptions'!$T$5:$T$16,0),"Check month range",IF(AND(E14="Hourly",OR(G14<=0,H14<=0)),"Enter hourly inputs",IF(AND(E14="Salaried",I14<=0),"Enter salary","Ready")))))),"") | AD14: Staffing based on occupied rooms
A15: Yes | B15: Property Operations & Maintenance | C15: Maintenance Technician | D15: Full-Time | E15: Hourly | F15: 3 | G15: 40 | H15: 26 | I15: 0 | J15: January | K15: December | L15: =IFERROR(IF(A15<>"Yes","",MAX(0,MATCH(K15,'Assumptions'!$T$5:$T$16,0)-MATCH(J15,'Assumptions'!$T$5:$T$16,0)+1)),"") | M15: =IFERROR(IF(A15<>"Yes","",IF(E15="Hourly",F15*G15*52/12*L15*H15,IF(E15="Salaried",F15*I15/12*L15,0))),"") | N15: =IFERROR(IF(A15<>"Yes","",M15*'Assumptions'!$B$9),"") | O15: =IFERROR(IF(A15<>"Yes","",M15+N15),"") | P15: =IFERROR(IF(A15<>"Yes","",IF(AND(1>=MATCH(J15,'Assumptions'!$T$5:$T$16,0),1<=MATCH(K15,'Assumptions'!$T$5:$T$16,0)),O15/L15,0)),"") | Q15: =IFERROR(IF(A15<>"Yes","",IF(AND(2>=MATCH(J15,'Assumptions'!$T$5:$T$16,0),2<=MATCH(K15,'Assumptions'!$T$5:$T$16,0)),O15/L15,0)),"") | R15: =IFERROR(IF(A15<>"Yes","",IF(AND(3>=MATCH(J15,'Assumptions'!$T$5:$T$16,0),3<=MATCH(K15,'Assumptions'!$T$5:$T$16,0)),O15/L15,0)),"") | S15: =IFERROR(IF(A15<>"Yes","",IF(AND(4>=MATCH(J15,'Assumptions'!$T$5:$T$16,0),4<=MATCH(K15,'Assumptions'!$T$5:$T$16,0)),O15/L15,0)),"") | T15: =IFERROR(IF(A15<>"Yes","",IF(AND(5>=MATCH(J15,'Assumptions'!$T$5:$T$16,0),5<=MATCH(K15,'Assumptions'!$T$5:$T$16,0)),O15/L15,0)),"") | U15: =IFERROR(IF(A15<>"Yes","",IF(AND(6>=MATCH(J15,'Assumptions'!$T$5:$T$16,0),6<=MATCH(K15,'Assumptions'!$T$5:$T$16,0)),O15/L15,0)),"") | V15: =IFERROR(IF(A15<>"Yes","",IF(AND(7>=MATCH(J15,'Assumptions'!$T$5:$T$16,0),7<=MATCH(K15,'Assumptions'!$T$5:$T$16,0)),O15/L15,0)),"") | W15: =IFERROR(IF(A15<>"Yes","",IF(AND(8>=MATCH(J15,'Assumptions'!$T$5:$T$16,0),8<=MATCH(K15,'Assumptions'!$T$5:$T$16,0)),O15/L15,0)),"") | X15: =IFERROR(IF(A15<>"Yes","",IF(AND(9>=MATCH(J15,'Assumptions'!$T$5:$T$16,0),9<=MATCH(K15,'Assumptions'!$T$5:$T$16,0)),O15/L15,0)),"") | Y15: =IFERROR(IF(A15<>"Yes","",IF(AND(10>=MATCH(J15,'Assumptions'!$T$5:$T$16,0),10<=MATCH(K15,'Assumptions'!$T$5:$T$16,0)),O15/L15,0)),"") | Z15: =IFERROR(IF(A15<>"Yes","",IF(AND(11>=MATCH(J15,'Assumptions'!$T$5:$T$16,0),11<=MATCH(K15,'Assumptions'!$T$5:$T$16,0)),O15/L15,0)),"") | AA15: =IFERROR(IF(A15<>"Yes","",IF(AND(12>=MATCH(J15,'Assumptions'!$T$5:$T$16,0),12<=MATCH(K15,'Assumptions'!$T$5:$T$16,0)),O15/L15,0)),"") | AB15: =IFERROR(IF(A15<>"Yes","",IF(E15="Hourly",F15*G15/'Assumptions'!$B$8*L15/12,IF(E15="Salaried",F15*L15/12,0))),"") | AC15: =IFERROR(IF(AND(A15="",B15="",C15="",D15="",E15=""),"",IF(A15<>"Yes","",IF(OR(B15="",C15="",D15="",E15="",J15="",K15=""),"Missing setup",IF(MATCH(K15,'Assumptions'!$T$5:$T$16,0)<MATCH(J15,'Assumptions'!$T$5:$T$16,0),"Check month range",IF(AND(E15="Hourly",OR(G15<=0,H15<=0)),"Enter hourly inputs",IF(AND(E15="Salaried",I15<=0),"Enter salary","Ready")))))),"") | AD15: Preventive maintenance coverage
A16: Yes | B16: Sales & Marketing | C16: Sales Manager | D16: Full-Time | E16: Salaried | F16: 2 | G16: 0 | H16: 0 | I16: 76000 | J16: January | K16: December | L16: =IFERROR(IF(A16<>"Yes","",MAX(0,MATCH(K16,'Assumptions'!$T$5:$T$16,0)-MATCH(J16,'Assumptions'!$T$5:$T$16,0)+1)),"") | M16: =IFERROR(IF(A16<>"Yes","",IF(E16="Hourly",F16*G16*52/12*L16*H16,IF(E16="Salaried",F16*I16/12*L16,0))),"") | N16: =IFERROR(IF(A16<>"Yes","",M16*'Assumptions'!$B$9),"") | O16: =IFERROR(IF(A16<>"Yes","",M16+N16),"") | P16: =IFERROR(IF(A16<>"Yes","",IF(AND(1>=MATCH(J16,'Assumptions'!$T$5:$T$16,0),1<=MATCH(K16,'Assumptions'!$T$5:$T$16,0)),O16/L16,0)),"") | Q16: =IFERROR(IF(A16<>"Yes","",IF(AND(2>=MATCH(J16,'Assumptions'!$T$5:$T$16,0),2<=MATCH(K16,'Assumptions'!$T$5:$T$16,0)),O16/L16,0)),"") | R16: =IFERROR(IF(A16<>"Yes","",IF(AND(3>=MATCH(J16,'Assumptions'!$T$5:$T$16,0),3<=MATCH(K16,'Assumptions'!$T$5:$T$16,0)),O16/L16,0)),"") | S16: =IFERROR(IF(A16<>"Yes","",IF(AND(4>=MATCH(J16,'Assumptions'!$T$5:$T$16,0),4<=MATCH(K16,'Assumptions'!$T$5:$T$16,0)),O16/L16,0)),"") | T16: =IFERROR(IF(A16<>"Yes","",IF(AND(5>=MATCH(J16,'Assumptions'!$T$5:$T$16,0),5<=MATCH(K16,'Assumptions'!$T$5:$T$16,0)),O16/L16,0)),"") | U16: =IFERROR(IF(A16<>"Yes","",IF(AND(6>=MATCH(J16,'Assumptions'!$T$5:$T$16,0),6<=MATCH(K16,'Assumptions'!$T$5:$T$16,0)),O16/L16,0)),"") | V16: =IFERROR(IF(A16<>"Yes","",IF(AND(7>=MATCH(J16,'Assumptions'!$T$5:$T$16,0),7<=MATCH(K16,'Assumptions'!$T$5:$T$16,0)),O16/L16,0)),"") | W16: =IFERROR(IF(A16<>"Yes","",IF(AND(8>=MATCH(J16,'Assumptions'!$T$5:$T$16,0),8<=MATCH(K16,'Assumptions'!$T$5:$T$16,0)),O16/L16,0)),"") | X16: =IFERROR(IF(A16<>"Yes","",IF(AND(9>=MATCH(J16,'Assumptions'!$T$5:$T$16,0),9<=MATCH(K16,'Assumptions'!$T$5:$T$16,0)),O16/L16,0)),"") | Y16: =IFERROR(IF(A16<>"Yes","",IF(AND(10>=MATCH(J16,'Assumptions'!$T$5:$T$16,0),10<=MATCH(K16,'Assumptions'!$T$5:$T$16,0)),O16/L16,0)),"") | Z16: =IFERROR(IF(A16<>"Yes","",IF(AND(11>=MATCH(J16,'Assumptions'!$T$5:$T$16,0),11<=MATCH(K16,'Assumptions'!$T$5:$T$16,0)),O16/L16,0)),"") | AA16: =IFERROR(IF(A16<>"Yes","",IF(AND(12>=MATCH(J16,'Assumptions'!$T$5:$T$16,0),12<=MATCH(K16,'Assumptions'!$T$5:$T$16,0)),O16/L16,0)),"") | AB16: =IFERROR(IF(A16<>"Yes","",IF(E16="Hourly",F16*G16/'Assumptions'!$B$8*L16/12,IF(E16="Salaried",F16*L16/12,0))),"") | AC16: =IFERROR(IF(AND(A16="",B16="",C16="",D16="",E16=""),"",IF(A16<>"Yes","",IF(OR(B16="",C16="",D16="",E16="",J16="",K16=""),"Missing setup",IF(MATCH(K16,'Assumptions'!$T$5:$T$16,0)<MATCH(J16,'Assumptions'!$T$5:$T$16,0),"Check month range",IF(AND(E16="Hourly",OR(G16<=0,H16<=0)),"Enter hourly inputs",IF(AND(E16="Salaried",I16<=0),"Enter salary","Ready")))))),"") | AD16: Group and corporate sales
A17: Yes | B17: Food & Beverage | C17: Restaurant Server | D17: Part-Time | E17: Hourly | F17: 10 | G17: 25 | H17: 16.5 | I17: 0 | J17: January | K17: December | L17: =IFERROR(IF(A17<>"Yes","",MAX(0,MATCH(K17,'Assumptions'!$T$5:$T$16,0)-MATCH(J17,'Assumptions'!$T$5:$T$16,0)+1)),"") | M17: =IFERROR(IF(A17<>"Yes","",IF(E17="Hourly",F17*G17*52/12*L17*H17,IF(E17="Salaried",F17*I17/12*L17,0))),"") | N17: =IFERROR(IF(A17<>"Yes","",M17*'Assumptions'!$B$9),"") | O17: =IFERROR(IF(A17<>"Yes","",M17+N17),"") | P17: =IFERROR(IF(A17<>"Yes","",IF(AND(1>=MATCH(J17,'Assumptions'!$T$5:$T$16,0),1<=MATCH(K17,'Assumptions'!$T$5:$T$16,0)),O17/L17,0)),"") | Q17: =IFERROR(IF(A17<>"Yes","",IF(AND(2>=MATCH(J17,'Assumptions'!$T$5:$T$16,0),2<=MATCH(K17,'Assumptions'!$T$5:$T$16,0)),O17/L17,0)),"") | R17: =IFERROR(IF(A17<>"Yes","",IF(AND(3>=MATCH(J17,'Assumptions'!$T$5:$T$16,0),3<=MATCH(K17,'Assumptions'!$T$5:$T$16,0)),O17/L17,0)),"") | S17: =IFERROR(IF(A17<>"Yes","",IF(AND(4>=MATCH(J17,'Assumptions'!$T$5:$T$16,0),4<=MATCH(K17,'Assumptions'!$T$5:$T$16,0)),O17/L17,0)),"") | T17: =IFERROR(IF(A17<>"Yes","",IF(AND(5>=MATCH(J17,'Assumptions'!$T$5:$T$16,0),5<=MATCH(K17,'Assumptions'!$T$5:$T$16,0)),O17/L17,0)),"") | U17: =IFERROR(IF(A17<>"Yes","",IF(AND(6>=MATCH(J17,'Assumptions'!$T$5:$T$16,0),6<=MATCH(K17,'Assumptions'!$T$5:$T$16,0)),O17/L17,0)),"") | V17: =IFERROR(IF(A17<>"Yes","",IF(AND(7>=MATCH(J17,'Assumptions'!$T$5:$T$16,0),7<=MATCH(K17,'Assumptions'!$T$5:$T$16,0)),O17/L17,0)),"") | W17: =IFERROR(IF(A17<>"Yes","",IF(AND(8>=MATCH(J17,'Assumptions'!$T$5:$T$16,0),8<=MATCH(K17,'Assumptions'!$T$5:$T$16,0)),O17/L17,0)),"") | X17: =IFERROR(IF(A17<>"Yes","",IF(AND(9>=MATCH(J17,'Assumptions'!$T$5:$T$16,0),9<=MATCH(K17,'Assumptions'!$T$5:$T$16,0)),O17/L17,0)),"") | Y17: =IFERROR(IF(A17<>"Yes","",IF(AND(10>=MATCH(J17,'Assumptions'!$T$5:$T$16,0),10<=MATCH(K17,'Assumptions'!$T$5:$T$16,0)),O17/L17,0)),"") | Z17: =IFERROR(IF(A17<>"Yes","",IF(AND(11>=MATCH(J17,'Assumptions'!$T$5:$T$16,0),11<=MATCH(K17,'Assumptions'!$T$5:$T$16,0)),O17/L17,0)),"") | AA17: =IFERROR(IF(A17<>"Yes","",IF(AND(12>=MATCH(J17,'Assumptions'!$T$5:$T$16,0),12<=MATCH(K17,'Assumptions'!$T$5:$T$16,0)),O17/L17,0)),"") | AB17: =IFERROR(IF(A17<>"Yes","",IF(E17="Hourly",F17*G17/'Assumptions'!$B$8*L17/12,IF(E17="Salaried",F17*L17/12,0))),"") | AC17: =IFERROR(IF(AND(A17="",B17="",C17="",D17="",E17=""),"",IF(A17<>"Yes","",IF(OR(B17="",C17="",D17="",E17="",J17="",K17=""),"Missing setup",IF(MATCH(K17,'Assumptions'!$T$5:$T$16,0)<MATCH(J17,'Assumptions'!$T$5:$T$16,0),"Check month range",IF(AND(E17="Hourly",OR(G17<=0,H17<=0)),"Enter hourly inputs",IF(AND(E17="Salaried",I17<=0),"Enter salary","Ready")))))),"") | AD17: Base wage planning assumption
A18: Yes | B18: Food & Beverage | C18: Seasonal Banquet Server | D18: Seasonal | E18: Hourly | F18: 12 | G18: 20 | H18: 18 | I18: 0 | J18: May | K18: October | L18: =IFERROR(IF(A18<>"Yes","",MAX(0,MATCH(K18,'Assumptions'!$T$5:$T$16,0)-MATCH(J18,'Assumptions'!$T$5:$T$16,0)+1)),"") | M18: =IFERROR(IF(A18<>"Yes","",IF(E18="Hourly",F18*G18*52/12*L18*H18,IF(E18="Salaried",F18*I18/12*L18,0))),"") | N18: =IFERROR(IF(A18<>"Yes","",M18*'Assumptions'!$B$9),"") | O18: =IFERROR(IF(A18<>"Yes","",M18+N18),"") | P18: =IFERROR(IF(A18<>"Yes","",IF(AND(1>=MATCH(J18,'Assumptions'!$T$5:$T$16,0),1<=MATCH(K18,'Assumptions'!$T$5:$T$16,0)),O18/L18,0)),"") | Q18: =IFERROR(IF(A18<>"Yes","",IF(AND(2>=MATCH(J18,'Assumptions'!$T$5:$T$16,0),2<=MATCH(K18,'Assumptions'!$T$5:$T$16,0)),O18/L18,0)),"") | R18: =IFERROR(IF(A18<>"Yes","",IF(AND(3>=MATCH(J18,'Assumptions'!$T$5:$T$16,0),3<=MATCH(K18,'Assumptions'!$T$5:$T$16,0)),O18/L18,0)),"") | S18: =IFERROR(IF(A18<>"Yes","",IF(AND(4>=MATCH(J18,'Assumptions'!$T$5:$T$16,0),4<=MATCH(K18,'Assumptions'!$T$5:$T$16,0)),O18/L18,0)),"") | T18: =IFERROR(IF(A18<>"Yes","",IF(AND(5>=MATCH(J18,'Assumptions'!$T$5:$T$16,0),5<=MATCH(K18,'Assumptions'!$T$5:$T$16,0)),O18/L18,0)),"") | U18: =IFERROR(IF(A18<>"Yes","",IF(AND(6>=MATCH(J18,'Assumptions'!$T$5:$T$16,0),6<=MATCH(K18,'Assumptions'!$T$5:$T$16,0)),O18/L18,0)),"") | V18: =IFERROR(IF(A18<>"Yes","",IF(AND(7>=MATCH(J18,'Assumptions'!$T$5:$T$16,0),7<=MATCH(K18,'Assumptions'!$T$5:$T$16,0)),O18/L18,0)),"") | W18: =IFERROR(IF(A18<>"Yes","",IF(AND(8>=MATCH(J18,'Assumptions'!$T$5:$T$16,0),8<=MATCH(K18,'Assumptions'!$T$5:$T$16,0)),O18/L18,0)),"") | X18: =IFERROR(IF(A18<>"Yes","",IF(AND(9>=MATCH(J18,'Assumptions'!$T$5:$T$16,0),9<=MATCH(K18,'Assumptions'!$T$5:$T$16,0)),O18/L18,0)),"") | Y18: =IFERROR(IF(A18<>"Yes","",IF(AND(10>=MATCH(J18,'Assumptions'!$T$5:$T$16,0),10<=MATCH(K18,'Assumptions'!$T$5:$T$16,0)),O18/L18,0)),"") | Z18: =IFERROR(IF(A18<>"Yes","",IF(AND(11>=MATCH(J18,'Assumptions'!$T$5:$T$16,0),11<=MATCH(K18,'Assumptions'!$T$5:$T$16,0)),O18/L18,0)),"") | AA18: =IFERROR(IF(A18<>"Yes","",IF(AND(12>=MATCH(J18,'Assumptions'!$T$5:$T$16,0),12<=MATCH(K18,'Assumptions'!$T$5:$T$16,0)),O18/L18,0)),"") | AB18: =IFERROR(IF(A18<>"Yes","",IF(E18="Hourly",F18*G18/'Assumptions'!$B$8*L18/12,IF(E18="Salaried",F18*L18/12,0))),"") | AC18: =IFERROR(IF(AND(A18="",B18="",C18="",D18="",E18=""),"",IF(A18<>"Yes","",IF(OR(B18="",C18="",D18="",E18="",J18="",K18=""),"Missing setup",IF(MATCH(K18,'Assumptions'!$T$5:$T$16,0)<MATCH(J18,'Assumptions'!$T$5:$T$16,0),"Check month range",IF(AND(E18="Hourly",OR(G18<=0,H18<=0)),"Enter hourly inputs",IF(AND(E18="Salaried",I18<=0),"Enter salary","Ready")))))),"") | AD18: Seasonal banquet demand
L19: =IFERROR(IF(A19<>"Yes","",MAX(0,MATCH(K19,'Assumptions'!$T$5:$T$16,0)-MATCH(J19,'Assumptions'!$T$5:$T$16,0)+1)),"") | M19: =IFERROR(IF(A19<>"Yes","",IF(E19="Hourly",F19*G19*52/12*L19*H19,IF(E19="Salaried",F19*I19/12*L19,0))),"") | N19: =IFERROR(IF(A19<>"Yes","",M19*'Assumptions'!$B$9),"") | O19: =IFERROR(IF(A19<>"Yes","",M19+N19),"") | P19: =IFERROR(IF(A19<>"Yes","",IF(AND(1>=MATCH(J19,'Assumptions'!$T$5:$T$16,0),1<=MATCH(K19,'Assumptions'!$T$5:$T$16,0)),O19/L19,0)),"") | Q19: =IFERROR(IF(A19<>"Yes","",IF(AND(2>=MATCH(J19,'Assumptions'!$T$5:$T$16,0),2<=MATCH(K19,'Assumptions'!$T$5:$T$16,0)),O19/L19,0)),"") | R19: =IFERROR(IF(A19<>"Yes","",IF(AND(3>=MATCH(J19,'Assumptions'!$T$5:$T$16,0),3<=MATCH(K19,'Assumptions'!$T$5:$T$16,0)),O19/L19,0)),"") | S19: =IFERROR(IF(A19<>"Yes","",IF(AND(4>=MATCH(J19,'Assumptions'!$T$5:$T$16,0),4<=MATCH(K19,'Assumptions'!$T$5:$T$16,0)),O19/L19,0)),"") | T19: =IFERROR(IF(A19<>"Yes","",IF(AND(5>=MATCH(J19,'Assumptions'!$T$5:$T$16,0),5<=MATCH(K19,'Assumptions'!$T$5:$T$16,0)),O19/L19,0)),"") | U19: =IFERROR(IF(A19<>"Yes","",IF(AND(6>=MATCH(J19,'Assumptions'!$T$5:$T$16,0),6<=MATCH(K19,'Assumptions'!$T$5:$T$16,0)),O19/L19,0)),"") | V19: =IFERROR(IF(A19<>"Yes","",IF(AND(7>=MATCH(J19,'Assumptions'!$T$5:$T$16,0),7<=MATCH(K19,'Assumptions'!$T$5:$T$16,0)),O19/L19,0)),"") | W19: =IFERROR(IF(A19<>"Yes","",IF(AND(8>=MATCH(J19,'Assumptions'!$T$5:$T$16,0),8<=MATCH(K19,'Assumptions'!$T$5:$T$16,0)),O19/L19,0)),"") | X19: =IFERROR(IF(A19<>"Yes","",IF(AND(9>=MATCH(J19,'Assumptions'!$T$5:$T$16,0),9<=MATCH(K19,'Assumptions'!$T$5:$T$16,0)),O19/L19,0)),"") | Y19: =IFERROR(IF(A19<>"Yes","",IF(AND(10>=MATCH(J19,'Assumptions'!$T$5:$T$16,0),10<=MATCH(K19,'Assumptions'!$T$5:$T$16,0)),O19/L19,0)),"") | Z19: =IFERROR(IF(A19<>"Yes","",IF(AND(11>=MATCH(J19,'Assumptions'!$T$5:$T$16,0),11<=MATCH(K19,'Assumptions'!$T$5:$T$16,0)),O19/L19,0)),"") | AA19: =IFERROR(IF(A19<>"Yes","",IF(AND(12>=MATCH(J19,'Assumptions'!$T$5:$T$16,0),12<=MATCH(K19,'Assumptions'!$T$5:$T$16,0)),O19/L19,0)),"") | AB19: =IFERROR(IF(A19<>"Yes","",IF(E19="Hourly",F19*G19/'Assumptions'!$B$8*L19/12,IF(E19="Salaried",F19*L19/12,0))),"") | AC19: =IFERROR(IF(AND(A19="",B19="",C19="",D19="",E19=""),"",IF(A19<>"Yes","",IF(OR(B19="",C19="",D19="",E19="",J19="",K19=""),"Missing setup",IF(MATCH(K19,'Assumptions'!$T$5:$T$16,0)<MATCH(J19,'Assumptions'!$T$5:$T$16,0),"Check month range",IF(AND(E19="Hourly",OR(G19<=0,H19<=0)),"Enter hourly inputs",IF(AND(E19="Salaried",I19<=0),"Enter salary","Ready")))))),"")
L20: =IFERROR(IF(A20<>"Yes","",MAX(0,MATCH(K20,'Assumptions'!$T$5:$T$16,0)-MATCH(J20,'Assumptions'!$T$5:$T$16,0)+1)),"") | M20: =IFERROR(IF(A20<>"Yes","",IF(E20="Hourly",F20*G20*52/12*L20*H20,IF(E20="Salaried",F20*I20/12*L20,0))),"") | N20: =IFERROR(IF(A20<>"Yes","",M20*'Assumptions'!$B$9),"") | O20: =IFERROR(IF(A20<>"Yes","",M20+N20),"") | P20: =IFERROR(IF(A20<>"Yes","",IF(AND(1>=MATCH(J20,'Assumptions'!$T$5:$T$16,0),1<=MATCH(K20,'Assumptions'!$T$5:$T$16,0)),O20/L20,0)),"") | Q20: =IFERROR(IF(A20<>"Yes","",IF(AND(2>=MATCH(J20,'Assumptions'!$T$5:$T$16,0),2<=MATCH(K20,'Assumptions'!$T$5:$T$16,0)),O20/L20,0)),"") | R20: =IFERROR(IF(A20<>"Yes","",IF(AND(3>=MATCH(J20,'Assumptions'!$T$5:$T$16,0),3<=MATCH(K20,'Assumptions'!$T$5:$T$16,0)),O20/L20,0)),"") | S20: =IFERROR(IF(A20<>"Yes","",IF(AND(4>=MATCH(J20,'Assumptions'!$T$5:$T$16,0),4<=MATCH(K20,'Assumptions'!$T$5:$T$16,0)),O20/L20,0)),"") | T20: =IFERROR(IF(A20<>"Yes","",IF(AND(5>=MATCH(J20,'Assumptions'!$T$5:$T$16,0),5<=MATCH(K20,'Assumptions'!$T$5:$T$16,0)),O20/L20,0)),"") | U20: =IFERROR(IF(A20<>"Yes","",IF(AND(6>=MATCH(J20,'Assumptions'!$T$5:$T$16,0),6<=MATCH(K20,'Assumptions'!$T$5:$T$16,0)),O20/L20,0)),"") | V20: =IFERROR(IF(A20<>"Yes","",IF(AND(7>=MATCH(J20,'Assumptions'!$T$5:$T$16,0),7<=MATCH(K20,'Assumptions'!$T$5:$T$16,0)),O20/L20,0)),"") | W20: =IFERROR(IF(A20<>"Yes","",IF(AND(8>=MATCH(J20,'Assumptions'!$T$5:$T$16,0),8<=MATCH(K20,'Assumptions'!$T$5:$T$16,0)),O20/L20,0)),"") | X20: =IFERROR(IF(A20<>"Yes","",IF(AND(9>=MATCH(J20,'Assumptions'!$T$5:$T$16,0),9<=MATCH(K20,'Assumptions'!$T$5:$T$16,0)),O20/L20,0)),"") | Y20: =IFERROR(IF(A20<>"Yes","",IF(AND(10>=MATCH(J20,'Assumptions'!$T$5:$T$16,0),10<=MATCH(K20,'Assumptions'!$T$5:$T$16,0)),O20/L20,0)),"") | Z20: =IFERROR(IF(A20<>"Yes","",IF(AND(11>=MATCH(J20,'Assumptions'!$T$5:$T$16,0),11<=MATCH(K20,'Assumptions'!$T$5:$T$16,0)),O20/L20,0)),"") | AA20: =IFERROR(IF(A20<>"Yes","",IF(AND(12>=MATCH(J20,'Assumptions'!$T$5:$T$16,0),12<=MATCH(K20,'Assumptions'!$T$5:$T$16,0)),O20/L20,0)),"") | AB20: =IFERROR(IF(A20<>"Yes","",IF(E20="Hourly",F20*G20/'Assumptions'!$B$8*L20/12,IF(E20="Salaried",F20*L20/12,0))),"") | AC20: =IFERROR(IF(AND(A20="",B20="",C20="",D20="",E20=""),"",IF(A20<>"Yes","",IF(OR(B20="",C20="",D20="",E20="",J20="",K20=""),"Missing setup",IF(MATCH(K20,'Assumptions'!$T$5:$T$16,0)<MATCH(J20,'Assumptions'!$T$5:$T$16,0),"Check month range",IF(AND(E20="Hourly",OR(G20<=0,H20<=0)),"Enter hourly inputs",IF(AND(E20="Salaried",I20<=0),"Enter salary","Ready")))))),"")
L21: =IFERROR(IF(A21<>"Yes","",MAX(0,MATCH(K21,'Assumptions'!$T$5:$T$16,0)-MATCH(J21,'Assumptions'!$T$5:$T$16,0)+1)),"") | M21: =IFERROR(IF(A21<>"Yes","",IF(E21="Hourly",F21*G21*52/12*L21*H21,IF(E21="Salaried",F21*I21/12*L21,0))),"") | N21: =IFERROR(IF(A21<>"Yes","",M21*'Assumptions'!$B$9),"") | O21: =IFERROR(IF(A21<>"Yes","",M21+N21),"") | P21: =IFERROR(IF(A21<>"Yes","",IF(AND(1>=MATCH(J21,'Assumptions'!$T$5:$T$16,0),1<=MATCH(K21,'Assumptions'!$T$5:$T$16,0)),O21/L21,0)),"") | Q21: =IFERROR(IF(A21<>"Yes","",IF(AND(2>=MATCH(J21,'Assumptions'!$T$5:$T$16,0),2<=MATCH(K21,'Assumptions'!$T$5:$T$16,0)),O21/L21,0)),"") | R21: =IFERROR(IF(A21<>"Yes","",IF(AND(3>=MATCH(J21,'Assumptions'!$T$5:$T$16,0),3<=MATCH(K21,'Assumptions'!$T$5:$T$16,0)),O21/L21,0)),"") | S21: =IFERROR(IF(A21<>"Yes","",IF(AND(4>=MATCH(J21,'Assumptions'!$T$5:$T$16,0),4<=MATCH(K21,'Assumptions'!$T$5:$T$16,0)),O21/L21,0)),"") | T21: =IFERROR(IF(A21<>"Yes","",IF(AND(5>=MATCH(J21,'Assumptions'!$T$5:$T$16,0),5<=MATCH(K21,'Assumptions'!$T$5:$T$16,0)),O21/L21,0)),"") | U21: =IFERROR(IF(A21<>"Yes","",IF(AND(6>=MATCH(J21,'Assumptions'!$T$5:$T$16,0),6<=MATCH(K21,'Assumptions'!$T$5:$T$16,0)),O21/L21,0)),"") | V21: =IFERROR(IF(A21<>"Yes","",IF(AND(7>=MATCH(J21,'Assumptions'!$T$5:$T$16,0),7<=MATCH(K21,'Assumptions'!$T$5:$T$16,0)),O21/L21,0)),"") | W21: =IFERROR(IF(A21<>"Yes","",IF(AND(8>=MATCH(J21,'Assumptions'!$T$5:$T$16,0),8<=MATCH(K21,'Assumptions'!$T$5:$T$16,0)),O21/L21,0)),"") | X21: =IFERROR(IF(A21<>"Yes","",IF(AND(9>=MATCH(J21,'Assumptions'!$T$5:$T$16,0),9<=MATCH(K21,'Assumptions'!$T$5:$T$16,0)),O21/L21,0)),"") | Y21: =IFERROR(IF(A21<>"Yes","",IF(AND(10>=MATCH(J21,'Assumptions'!$T$5:$T$16,0),10<=MATCH(K21,'Assumptions'!$T$5:$T$16,0)),O21/L21,0)),"") | Z21: =IFERROR(IF(A21<>"Yes","",IF(AND(11>=MATCH(J21,'Assumptions'!$T$5:$T$16,0),11<=MATCH(K21,'Assumptions'!$T$5:$T$16,0)),O21/L21,0)),"") | AA21: =IFERROR(IF(A21<>"Yes","",IF(AND(12>=MATCH(J21,'Assumptions'!$T$5:$T$16,0),12<=MATCH(K21,'Assumptions'!$T$5:$T$16,0)),O21/L21,0)),"") | AB21: =IFERROR(IF(A21<>"Yes","",IF(E21="Hourly",F21*G21/'Assumptions'!$B$8*L21/12,IF(E21="Salaried",F21*L21/12,0))),"") | AC21: =IFERROR(IF(AND(A21="",B21="",C21="",D21="",E21=""),"",IF(A21<>"Yes","",IF(OR(B21="",C21="",D21="",E21="",J21="",K21=""),"Missing setup",IF(MATCH(K21,'Assumptions'!$T$5:$T$16,0)<MATCH(J21,'Assumptions'!$T$5:$T$16,0),"Check month range",IF(AND(E21="Hourly",OR(G21<=0,H21<=0)),"Enter hourly inputs",IF(AND(E21="Salaried",I21<=0),"Enter salary","Ready")))))),"")
L22: =IFERROR(IF(A22<>"Yes","",MAX(0,MATCH(K22,'Assumptions'!$T$5:$T$16,0)-MATCH(J22,'Assumptions'!$T$5:$T$16,0)+1)),"") | M22: =IFERROR(IF(A22<>"Yes","",IF(E22="Hourly",F22*G22*52/12*L22*H22,IF(E22="Salaried",F22*I22/12*L22,0))),"") | N22: =IFERROR(IF(A22<>"Yes","",M22*'Assumptions'!$B$9),"") | O22: =IFERROR(IF(A22<>"Yes","",M22+N22),"") | P22: =IFERROR(IF(A22<>"Yes","",IF(AND(1>=MATCH(J22,'Assumptions'!$T$5:$T$16,0),1<=MATCH(K22,'Assumptions'!$T$5:$T$16,0)),O22/L22,0)),"") | Q22: =IFERROR(IF(A22<>"Yes","",IF(AND(2>=MATCH(J22,'Assumptions'!$T$5:$T$16,0),2<=MATCH(K22,'Assumptions'!$T$5:$T$16,0)),O22/L22,0)),"") | R22: =IFERROR(IF(A22<>"Yes","",IF(AND(3>=MATCH(J22,'Assumptions'!$T$5:$T$16,0),3<=MATCH(K22,'Assumptions'!$T$5:$T$16,0)),O22/L22,0)),"") | S22: =IFERROR(IF(A22<>"Yes","",IF(AND(4>=MATCH(J22,'Assumptions'!$T$5:$T$16,0),4<=MATCH(K22,'Assumptions'!$T$5:$T$16,0)),O22/L22,0)),"") | T22: =IFERROR(IF(A22<>"Yes","",IF(AND(5>=MATCH(J22,'Assumptions'!$T$5:$T$16,0),5<=MATCH(K22,'Assumptions'!$T$5:$T$16,0)),O22/L22,0)),"") | U22: =IFERROR(IF(A22<>"Yes","",IF(AND(6>=MATCH(J22,'Assumptions'!$T$5:$T$16,0),6<=MATCH(K22,'Assumptions'!$T$5:$T$16,0)),O22/L22,0)),"") | V22: =IFERROR(IF(A22<>"Yes","",IF(AND(7>=MATCH(J22,'Assumptions'!$T$5:$T$16,0),7<=MATCH(K22,'Assumptions'!$T$5:$T$16,0)),O22/L22,0)),"") | W22: =IFERROR(IF(A22<>"Yes","",IF(AND(8>=MATCH(J22,'Assumptions'!$T$5:$T$16,0),8<=MATCH(K22,'Assumptions'!$T$5:$T$16,0)),O22/L22,0)),"") | X22: =IFERROR(IF(A22<>"Yes","",IF(AND(9>=MATCH(J22,'Assumptions'!$T$5:$T$16,0),9<=MATCH(K22,'Assumptions'!$T$5:$T$16,0)),O22/L22,0)),"") | Y22: =IFERROR(IF(A22<>"Yes","",IF(AND(10>=MATCH(J22,'Assumptions'!$T$5:$T$16,0),10<=MATCH(K22,'Assumptions'!$T$5:$T$16,0)),O22/L22,0)),"") | Z22: =IFERROR(IF(A22<>"Yes","",IF(AND(11>=MATCH(J22,'Assumptions'!$T$5:$T$16,0),11<=MATCH(K22,'Assumptions'!$T$5:$T$16,0)),O22/L22,0)),"") | AA22: =IFERROR(IF(A22<>"Yes","",IF(AND(12>=MATCH(J22,'Assumptions'!$T$5:$T$16,0),12<=MATCH(K22,'Assumptions'!$T$5:$T$16,0)),O22/L22,0)),"") | AB22: =IFERROR(IF(A22<>"Yes","",IF(E22="Hourly",F22*G22/'Assumptions'!$B$8*L22/12,IF(E22="Salaried",F22*L22/12,0))),"") | AC22: =IFERROR(IF(AND(A22="",B22="",C22="",D22="",E22=""),"",IF(A22<>"Yes","",IF(OR(B22="",C22="",D22="",E22="",J22="",K22=""),"Missing setup",IF(MATCH(K22,'Assumptions'!$T$5:$T$16,0)<MATCH(J22,'Assumptions'!$T$5:$T$16,0),"Check month range",IF(AND(E22="Hourly",OR(G22<=0,H22<=0)),"Enter hourly inputs",IF(AND(E22="Salaried",I22<=0),"Enter salary","Ready")))))),"")
L23: =IFERROR(IF(A23<>"Yes","",MAX(0,MATCH(K23,'Assumptions'!$T$5:$T$16,0)-MATCH(J23,'Assumptions'!$T$5:$T$16,0)+1)),"") | M23: =IFERROR(IF(A23<>"Yes","",IF(E23="Hourly",F23*G23*52/12*L23*H23,IF(E23="Salaried",F23*I23/12*L23,0))),"") | N23: =IFERROR(IF(A23<>"Yes","",M23*'Assumptions'!$B$9),"") | O23: =IFERROR(IF(A23<>"Yes","",M23+N23),"") | P23: =IFERROR(IF(A23<>"Yes","",IF(AND(1>=MATCH(J23,'Assumptions'!$T$5:$T$16,0),1<=MATCH(K23,'Assumptions'!$T$5:$T$16,0)),O23/L23,0)),"") | Q23: =IFERROR(IF(A23<>"Yes","",IF(AND(2>=MATCH(J23,'Assumptions'!$T$5:$T$16,0),2<=MATCH(K23,'Assumptions'!$T$5:$T$16,0)),O23/L23,0)),"") | R23: =IFERROR(IF(A23<>"Yes","",IF(AND(3>=MATCH(J23,'Assumptions'!$T$5:$T$16,0),3<=MATCH(K23,'Assumptions'!$T$5:$T$16,0)),O23/L23,0)),"") | S23: =IFERROR(IF(A23<>"Yes","",IF(AND(4>=MATCH(J23,'Assumptions'!$T$5:$T$16,0),4<=MATCH(K23,'Assumptions'!$T$5:$T$16,0)),O23/L23,0)),"") | T23: =IFERROR(IF(A23<>"Yes","",IF(AND(5>=MATCH(J23,'Assumptions'!$T$5:$T$16,0),5<=MATCH(K23,'Assumptions'!$T$5:$T$16,0)),O23/L23,0)),"") | U23: =IFERROR(IF(A23<>"Yes","",IF(AND(6>=MATCH(J23,'Assumptions'!$T$5:$T$16,0),6<=MATCH(K23,'Assumptions'!$T$5:$T$16,0)),O23/L23,0)),"") | V23: =IFERROR(IF(A23<>"Yes","",IF(AND(7>=MATCH(J23,'Assumptions'!$T$5:$T$16,0),7<=MATCH(K23,'Assumptions'!$T$5:$T$16,0)),O23/L23,0)),"") | W23: =IFERROR(IF(A23<>"Yes","",IF(AND(8>=MATCH(J23,'Assumptions'!$T$5:$T$16,0),8<=MATCH(K23,'Assumptions'!$T$5:$T$16,0)),O23/L23,0)),"") | X23: =IFERROR(IF(A23<>"Yes","",IF(AND(9>=MATCH(J23,'Assumptions'!$T$5:$T$16,0),9<=MATCH(K23,'Assumptions'!$T$5:$T$16,0)),O23/L23,0)),"") | Y23: =IFERROR(IF(A23<>"Yes","",IF(AND(10>=MATCH(J23,'Assumptions'!$T$5:$T$16,0),10<=MATCH(K23,'Assumptions'!$T$5:$T$16,0)),O23/L23,0)),"") | Z23: =IFERROR(IF(A23<>"Yes","",IF(AND(11>=MATCH(J23,'Assumptions'!$T$5:$T$16,0),11<=MATCH(K23,'Assumptions'!$T$5:$T$16,0)),O23/L23,0)),"") | AA23: =IFERROR(IF(A23<>"Yes","",IF(AND(12>=MATCH(J23,'Assumptions'!$T$5:$T$16,0),12<=MATCH(K23,'Assumptions'!$T$5:$T$16,0)),O23/L23,0)),"") | AB23: =IFERROR(IF(A23<>"Yes","",IF(E23="Hourly",F23*G23/'Assumptions'!$B$8*L23/12,IF(E23="Salaried",F23*L23/12,0))),"") | AC23: =IFERROR(IF(AND(A23="",B23="",C23="",D23="",E23=""),"",IF(A23<>"Yes","",IF(OR(B23="",C23="",D23="",E23="",J23="",K23=""),"Missing setup",IF(MATCH(K23,'Assumptions'!$T$5:$T$16,0)<MATCH(J23,'Assumptions'!$T$5:$T$16,0),"Check month range",IF(AND(E23="Hourly",OR(G23<=0,H23<=0)),"Enter hourly inputs",IF(AND(E23="Salaried",I23<=0),"Enter salary","Ready")))))),"")
L24: =IFERROR(IF(A24<>"Yes","",MAX(0,MATCH(K24,'Assumptions'!$T$5:$T$16,0)-MATCH(J24,'Assumptions'!$T$5:$T$16,0)+1)),"") | M24: =IFERROR(IF(A24<>"Yes","",IF(E24="Hourly",F24*G24*52/12*L24*H24,IF(E24="Salaried",F24*I24/12*L24,0))),"") | N24: =IFERROR(IF(A24<>"Yes","",M24*'Assumptions'!$B$9),"") | O24: =IFERROR(IF(A24<>"Yes","",M24+N24),"") | P24: =IFERROR(IF(A24<>"Yes","",IF(AND(1>=MATCH(J24,'Assumptions'!$T$5:$T$16,0),1<=MATCH(K24,'Assumptions'!$T$5:$T$16,0)),O24/L24,0)),"") | Q24: =IFERROR(IF(A24<>"Yes","",IF(AND(2>=MATCH(J24,'Assumptions'!$T$5:$T$16,0),2<=MATCH(K24,'Assumptions'!$T$5:$T$16,0)),O24/L24,0)),"") | R24: =IFERROR(IF(A24<>"Yes","",IF(AND(3>=MATCH(J24,'Assumptions'!$T$5:$T$16,0),3<=MATCH(K24,'Assumptions'!$T$5:$T$16,0)),O24/L24,0)),"") | S24: =IFERROR(IF(A24<>"Yes","",IF(AND(4>=MATCH(J24,'Assumptions'!$T$5:$T$16,0),4<=MATCH(K24,'Assumptions'!$T$5:$T$16,0)),O24/L24,0)),"") | T24: =IFERROR(IF(A24<>"Yes","",IF(AND(5>=MATCH(J24,'Assumptions'!$T$5:$T$16,0),5<=MATCH(K24,'Assumptions'!$T$5:$T$16,0)),O24/L24,0)),"") | U24: =IFERROR(IF(A24<>"Yes","",IF(AND(6>=MATCH(J24,'Assumptions'!$T$5:$T$16,0),6<=MATCH(K24,'Assumptions'!$T$5:$T$16,0)),O24/L24,0)),"") | V24: =IFERROR(IF(A24<>"Yes","",IF(AND(7>=MATCH(J24,'Assumptions'!$T$5:$T$16,0),7<=MATCH(K24,'Assumptions'!$T$5:$T$16,0)),O24/L24,0)),"") | W24: =IFERROR(IF(A24<>"Yes","",IF(AND(8>=MATCH(J24,'Assumptions'!$T$5:$T$16,0),8<=MATCH(K24,'Assumptions'!$T$5:$T$16,0)),O24/L24,0)),"") | X24: =IFERROR(IF(A24<>"Yes","",IF(AND(9>=MATCH(J24,'Assumptions'!$T$5:$T$16,0),9<=MATCH(K24,'Assumptions'!$T$5:$T$16,0)),O24/L24,0)),"") | Y24: =IFERROR(IF(A24<>"Yes","",IF(AND(10>=MATCH(J24,'Assumptions'!$T$5:$T$16,0),10<=MATCH(K24,'Assumptions'!$T$5:$T$16,0)),O24/L24,0)),"") | Z24: =IFERROR(IF(A24<>"Yes","",IF(AND(11>=MATCH(J24,'Assumptions'!$T$5:$T$16,0),11<=MATCH(K24,'Assumptions'!$T$5:$T$16,0)),O24/L24,0)),"") | AA24: =IFERROR(IF(A24<>"Yes","",IF(AND(12>=MATCH(J24,'Assumptions'!$T$5:$T$16,0),12<=MATCH(K24,'Assumptions'!$T$5:$T$16,0)),O24/L24,0)),"") | AB24: =IFERROR(IF(A24<>"Yes","",IF(E24="Hourly",F24*G24/'Assumptions'!$B$8*L24/12,IF(E24="Salaried",F24*L24/12,0))),"") | AC24: =IFERROR(IF(AND(A24="",B24="",C24="",D24="",E24=""),"",IF(A24<>"Yes","",IF(OR(B24="",C24="",D24="",E24="",J24="",K24=""),"Missing setup",IF(MATCH(K24,'Assumptions'!$T$5:$T$16,0)<MATCH(J24,'Assumptions'!$T$5:$T$16,0),"Check month range",IF(AND(E24="Hourly",OR(G24<=0,H24<=0)),"Enter hourly inputs",IF(AND(E24="Salaried",I24<=0),"Enter salary","Ready")))))),"")
L25: =IFERROR(IF(A25<>"Yes","",MAX(0,MATCH(K25,'Assumptions'!$T$5:$T$16,0)-MATCH(J25,'Assumptions'!$T$5:$T$16,0)+1)),"") | M25: =IFERROR(IF(A25<>"Yes","",IF(E25="Hourly",F25*G25*52/12*L25*H25,IF(E25="Salaried",F25*I25/12*L25,0))),"") | N25: =IFERROR(IF(A25<>"Yes","",M25*'Assumptions'!$B$9),"") | O25: =IFERROR(IF(A25<>"Yes","",M25+N25),"") | P25: =IFERROR(IF(A25<>"Yes","",IF(AND(1>=MATCH(J25,'Assumptions'!$T$5:$T$16,0),1<=MATCH(K25,'Assumptions'!$T$5:$T$16,0)),O25/L25,0)),"") | Q25: =IFERROR(IF(A25<>"Yes","",IF(AND(2>=MATCH(J25,'Assumptions'!$T$5:$T$16,0),2<=MATCH(K25,'Assumptions'!$T$5:$T$16,0)),O25/L25,0)),"") | R25: =IFERROR(IF(A25<>"Yes","",IF(AND(3>=MATCH(J25,'Assumptions'!$T$5:$T$16,0),3<=MATCH(K25,'Assumptions'!$T$5:$T$16,0)),O25/L25,0)),"") | S25: =IFERROR(IF(A25<>"Yes","",IF(AND(4>=MATCH(J25,'Assumptions'!$T$5:$T$16,0),4<=MATCH(K25,'Assumptions'!$T$5:$T$16,0)),O25/L25,0)),"") | T25: =IFERROR(IF(A25<>"Yes","",IF(AND(5>=MATCH(J25,'Assumptions'!$T$5:$T$16,0),5<=MATCH(K25,'Assumptions'!$T$5:$T$16,0)),O25/L25,0)),"") | U25: =IFERROR(IF(A25<>"Yes","",IF(AND(6>=MATCH(J25,'Assumptions'!$T$5:$T$16,0),6<=MATCH(K25,'Assumptions'!$T$5:$T$16,0)),O25/L25,0)),"") | V25: =IFERROR(IF(A25<>"Yes","",IF(AND(7>=MATCH(J25,'Assumptions'!$T$5:$T$16,0),7<=MATCH(K25,'Assumptions'!$T$5:$T$16,0)),O25/L25,0)),"") | W25: =IFERROR(IF(A25<>"Yes","",IF(AND(8>=MATCH(J25,'Assumptions'!$T$5:$T$16,0),8<=MATCH(K25,'Assumptions'!$T$5:$T$16,0)),O25/L25,0)),"") | X25: =IFERROR(IF(A25<>"Yes","",IF(AND(9>=MATCH(J25,'Assumptions'!$T$5:$T$16,0),9<=MATCH(K25,'Assumptions'!$T$5:$T$16,0)),O25/L25,0)),"") | Y25: =IFERROR(IF(A25<>"Yes","",IF(AND(10>=MATCH(J25,'Assumptions'!$T$5:$T$16,0),10<=MATCH(K25,'Assumptions'!$T$5:$T$16,0)),O25/L25,0)),"") | Z25: =IFERROR(IF(A25<>"Yes","",IF(AND(11>=MATCH(J25,'Assumptions'!$T$5:$T$16,0),11<=MATCH(K25,'Assumptions'!$T$5:$T$16,0)),O25/L25,0)),"") | AA25: =IFERROR(IF(A25<>"Yes","",IF(AND(12>=MATCH(J25,'Assumptions'!$T$5:$T$16,0),12<=MATCH(K25,'Assumptions'!$T$5:$T$16,0)),O25/L25,0)),"") | AB25: =IFERROR(IF(A25<>"Yes","",IF(E25="Hourly",F25*G25/'Assumptions'!$B$8*L25/12,IF(E25="Salaried",F25*L25/12,0))),"") | AC25: =IFERROR(IF(AND(A25="",B25="",C25="",D25="",E25=""),"",IF(A25<>"Yes","",IF(OR(B25="",C25="",D25="",E25="",J25="",K25=""),"Missing setup",IF(MATCH(K25,'Assumptions'!$T$5:$T$16,0)<MATCH(J25,'Assumptions'!$T$5:$T$16,0),"Check month range",IF(AND(E25="Hourly",OR(G25<=0,H25<=0)),"Enter hourly inputs",IF(AND(E25="Salaried",I25<=0),"Enter salary","Ready")))))),"")
L26: =IFERROR(IF(A26<>"Yes","",MAX(0,MATCH(K26,'Assumptions'!$T$5:$T$16,0)-MATCH(J26,'Assumptions'!$T$5:$T$16,0)+1)),"") | M26: =IFERROR(IF(A26<>"Yes","",IF(E26="Hourly",F26*G26*52/12*L26*H26,IF(E26="Salaried",F26*I26/12*L26,0))),"") | N26: =IFERROR(IF(A26<>"Yes","",M26*'Assumptions'!$B$9),"") | O26: =IFERROR(IF(A26<>"Yes","",M26+N26),"") | P26: =IFERROR(IF(A26<>"Yes","",IF(AND(1>=MATCH(J26,'Assumptions'!$T$5:$T$16,0),1<=MATCH(K26,'Assumptions'!$T$5:$T$16,0)),O26/L26,0)),"") | Q26: =IFERROR(IF(A26<>"Yes","",IF(AND(2>=MATCH(J26,'Assumptions'!$T$5:$T$16,0),2<=MATCH(K26,'Assumptions'!$T$5:$T$16,0)),O26/L26,0)),"") | R26: =IFERROR(IF(A26<>"Yes","",IF(AND(3>=MATCH(J26,'Assumptions'!$T$5:$T$16,0),3<=MATCH(K26,'Assumptions'!$T$5:$T$16,0)),O26/L26,0)),"") | S26: =IFERROR(IF(A26<>"Yes","",IF(AND(4>=MATCH(J26,'Assumptions'!$T$5:$T$16,0),4<=MATCH(K26,'Assumptions'!$T$5:$T$16,0)),O26/L26,0)),"") | T26: =IFERROR(IF(A26<>"Yes","",IF(AND(5>=MATCH(J26,'Assumptions'!$T$5:$T$16,0),5<=MATCH(K26,'Assumptions'!$T$5:$T$16,0)),O26/L26,0)),"") | U26: =IFERROR(IF(A26<>"Yes","",IF(AND(6>=MATCH(J26,'Assumptions'!$T$5:$T$16,0),6<=MATCH(K26,'Assumptions'!$T$5:$T$16,0)),O26/L26,0)),"") | V26: =IFERROR(IF(A26<>"Yes","",IF(AND(7>=MATCH(J26,'Assumptions'!$T$5:$T$16,0),7<=MATCH(K26,'Assumptions'!$T$5:$T$16,0)),O26/L26,0)),"") | W26: =IFERROR(IF(A26<>"Yes","",IF(AND(8>=MATCH(J26,'Assumptions'!$T$5:$T$16,0),8<=MATCH(K26,'Assumptions'!$T$5:$T$16,0)),O26/L26,0)),"") | X26: =IFERROR(IF(A26<>"Yes","",IF(AND(9>=MATCH(J26,'Assumptions'!$T$5:$T$16,0),9<=MATCH(K26,'Assumptions'!$T$5:$T$16,0)),O26/L26,0)),"") | Y26: =IFERROR(IF(A26<>"Yes","",IF(AND(10>=MATCH(J26,'Assumptions'!$T$5:$T$16,0),10<=MATCH(K26,'Assumptions'!$T$5:$T$16,0)),O26/L26,0)),"") | Z26: =IFERROR(IF(A26<>"Yes","",IF(AND(11>=MATCH(J26,'Assumptions'!$T$5:$T$16,0),11<=MATCH(K26,'Assumptions'!$T$5:$T$16,0)),O26/L26,0)),"") | AA26: =IFERROR(IF(A26<>"Yes","",IF(AND(12>=MATCH(J26,'Assumptions'!$T$5:$T$16,0),12<=MATCH(K26,'Assumptions'!$T$5:$T$16,0)),O26/L26,0)),"") | AB26: =IFERROR(IF(A26<>"Yes","",IF(E26="Hourly",F26*G26/'Assumptions'!$B$8*L26/12,IF(E26="Salaried",F26*L26/12,0))),"") | AC26: =IFERROR(IF(AND(A26="",B26="",C26="",D26="",E26=""),"",IF(A26<>"Yes","",IF(OR(B26="",C26="",D26="",E26="",J26="",K26=""),"Missing setup",IF(MATCH(K26,'Assumptions'!$T$5:$T$16,0)<MATCH(J26,'Assumptions'!$T$5:$T$16,0),"Check month range",IF(AND(E26="Hourly",OR(G26<=0,H26<=0)),"Enter hourly inputs",IF(AND(E26="Salaried",I26<=0),"Enter salary","Ready")))))),"")
L27: =IFERROR(IF(A27<>"Yes","",MAX(0,MATCH(K27,'Assumptions'!$T$5:$T$16,0)-MATCH(J27,'Assumptions'!$T$5:$T$16,0)+1)),"") | M27: =IFERROR(IF(A27<>"Yes","",IF(E27="Hourly",F27*G27*52/12*L27*H27,IF(E27="Salaried",F27*I27/12*L27,0))),"") | N27: =IFERROR(IF(A27<>"Yes","",M27*'Assumptions'!$B$9),"") | O27: =IFERROR(IF(A27<>"Yes","",M27+N27),"") | P27: =IFERROR(IF(A27<>"Yes","",IF(AND(1>=MATCH(J27,'Assumptions'!$T$5:$T$16,0),1<=MATCH(K27,'Assumptions'!$T$5:$T$16,0)),O27/L27,0)),"") | Q27: =IFERROR(IF(A27<>"Yes","",IF(AND(2>=MATCH(J27,'Assumptions'!$T$5:$T$16,0),2<=MATCH(K27,'Assumptions'!$T$5:$T$16,0)),O27/L27,0)),"") | R27: =IFERROR(IF(A27<>"Yes","",IF(AND(3>=MATCH(J27,'Assumptions'!$T$5:$T$16,0),3<=MATCH(K27,'Assumptions'!$T$5:$T$16,0)),O27/L27,0)),"") | S27: =IFERROR(IF(A27<>"Yes","",IF(AND(4>=MATCH(J27,'Assumptions'!$T$5:$T$16,0),4<=MATCH(K27,'Assumptions'!$T$5:$T$16,0)),O27/L27,0)),"") | T27: =IFERROR(IF(A27<>"Yes","",IF(AND(5>=MATCH(J27,'Assumptions'!$T$5:$T$16,0),5<=MATCH(K27,'Assumptions'!$T$5:$T$16,0)),O27/L27,0)),"") | U27: =IFERROR(IF(A27<>"Yes","",IF(AND(6>=MATCH(J27,'Assumptions'!$T$5:$T$16,0),6<=MATCH(K27,'Assumptions'!$T$5:$T$16,0)),O27/L27,0)),"") | V27: =IFERROR(IF(A27<>"Yes","",IF(AND(7>=MATCH(J27,'Assumptions'!$T$5:$T$16,0),7<=MATCH(K27,'Assumptions'!$T$5:$T$16,0)),O27/L27,0)),"") | W27: =IFERROR(IF(A27<>"Yes","",IF(AND(8>=MATCH(J27,'Assumptions'!$T$5:$T$16,0),8<=MATCH(K27,'Assumptions'!$T$5:$T$16,0)),O27/L27,0)),"") | X27: =IFERROR(IF(A27<>"Yes","",IF(AND(9>=MATCH(J27,'Assumptions'!$T$5:$T$16,0),9<=MATCH(K27,'Assumptions'!$T$5:$T$16,0)),O27/L27,0)),"") | Y27: =IFERROR(IF(A27<>"Yes","",IF(AND(10>=MATCH(J27,'Assumptions'!$T$5:$T$16,0),10<=MATCH(K27,'Assumptions'!$T$5:$T$16,0)),O27/L27,0)),"") | Z27: =IFERROR(IF(A27<>"Yes","",IF(AND(11>=MATCH(J27,'Assumptions'!$T$5:$T$16,0),11<=MATCH(K27,'Assumptions'!$T$5:$T$16,0)),O27/L27,0)),"") | AA27: =IFERROR(IF(A27<>"Yes","",IF(AND(12>=MATCH(J27,'Assumptions'!$T$5:$T$16,0),12<=MATCH(K27,'Assumptions'!$T$5:$T$16,0)),O27/L27,0)),"") | AB27: =IFERROR(IF(A27<>"Yes","",IF(E27="Hourly",F27*G27/'Assumptions'!$B$8*L27/12,IF(E27="Salaried",F27*L27/12,0))),"") | AC27: =IFERROR(IF(AND(A27="",B27="",C27="",D27="",E27=""),"",IF(A27<>"Yes","",IF(OR(B27="",C27="",D27="",E27="",J27="",K27=""),"Missing setup",IF(MATCH(K27,'Assumptions'!$T$5:$T$16,0)<MATCH(J27,'Assumptions'!$T$5:$T$16,0),"Check month range",IF(AND(E27="Hourly",OR(G27<=0,H27<=0)),"Enter hourly inputs",IF(AND(E27="Salaried",I27<=0),"Enter salary","Ready")))))),"")
L28: =IFERROR(IF(A28<>"Yes","",MAX(0,MATCH(K28,'Assumptions'!$T$5:$T$16,0)-MATCH(J28,'Assumptions'!$T$5:$T$16,0)+1)),"") | M28: =IFERROR(IF(A28<>"Yes","",IF(E28="Hourly",F28*G28*52/12*L28*H28,IF(E28="Salaried",F28*I28/12*L28,0))),"") | N28: =IFERROR(IF(A28<>"Yes","",M28*'Assumptions'!$B$9),"") | O28: =IFERROR(IF(A28<>"Yes","",M28+N28),"") | P28: =IFERROR(IF(A28<>"Yes","",IF(AND(1>=MATCH(J28,'Assumptions'!$T$5:$T$16,0),1<=MATCH(K28,'Assumptions'!$T$5:$T$16,0)),O28/L28,0)),"") | Q28: =IFERROR(IF(A28<>"Yes","",IF(AND(2>=MATCH(J28,'Assumptions'!$T$5:$T$16,0),2<=MATCH(K28,'Assumptions'!$T$5:$T$16,0)),O28/L28,0)),"") | R28: =IFERROR(IF(A28<>"Yes","",IF(AND(3>=MATCH(J28,'Assumptions'!$T$5:$T$16,0),3<=MATCH(K28,'Assumptions'!$T$5:$T$16,0)),O28/L28,0)),"") | S28: =IFERROR(IF(A28<>"Yes","",IF(AND(4>=MATCH(J28,'Assumptions'!$T$5:$T$16,0),4<=MATCH(K28,'Assumptions'!$T$5:$T$16,0)),O28/L28,0)),"") | T28: =IFERROR(IF(A28<>"Yes","",IF(AND(5>=MATCH(J28,'Assumptions'!$T$5:$T$16,0),5<=MATCH(K28,'Assumptions'!$T$5:$T$16,0)),O28/L28,0)),"") | U28: =IFERROR(IF(A28<>"Yes","",IF(AND(6>=MATCH(J28,'Assumptions'!$T$5:$T$16,0),6<=MATCH(K28,'Assumptions'!$T$5:$T$16,0)),O28/L28,0)),"") | V28: =IFERROR(IF(A28<>"Yes","",IF(AND(7>=MATCH(J28,'Assumptions'!$T$5:$T$16,0),7<=MATCH(K28,'Assumptions'!$T$5:$T$16,0)),O28/L28,0)),"") | W28: =IFERROR(IF(A28<>"Yes","",IF(AND(8>=MATCH(J28,'Assumptions'!$T$5:$T$16,0),8<=MATCH(K28,'Assumptions'!$T$5:$T$16,0)),O28/L28,0)),"") | X28: =IFERROR(IF(A28<>"Yes","",IF(AND(9>=MATCH(J28,'Assumptions'!$T$5:$T$16,0),9<=MATCH(K28,'Assumptions'!$T$5:$T$16,0)),O28/L28,0)),"") | Y28: =IFERROR(IF(A28<>"Yes","",IF(AND(10>=MATCH(J28,'Assumptions'!$T$5:$T$16,0),10<=MATCH(K28,'Assumptions'!$T$5:$T$16,0)),O28/L28,0)),"") | Z28: =IFERROR(IF(A28<>"Yes","",IF(AND(11>=MATCH(J28,'Assumptions'!$T$5:$T$16,0),11<=MATCH(K28,'Assumptions'!$T$5:$T$16,0)),O28/L28,0)),"") | AA28: =IFERROR(IF(A28<>"Yes","",IF(AND(12>=MATCH(J28,'Assumptions'!$T$5:$T$16,0),12<=MATCH(K28,'Assumptions'!$T$5:$T$16,0)),O28/L28,0)),"") | AB28: =IFERROR(IF(A28<>"Yes","",IF(E28="Hourly",F28*G28/'Assumptions'!$B$8*L28/12,IF(E28="Salaried",F28*L28/12,0))),"") | AC28: =IFERROR(IF(AND(A28="",B28="",C28="",D28="",E28=""),"",IF(A28<>"Yes","",IF(OR(B28="",C28="",D28="",E28="",J28="",K28=""),"Missing setup",IF(MATCH(K28,'Assumptions'!$T$5:$T$16,0)<MATCH(J28,'Assumptions'!$T$5:$T$16,0),"Check month range",IF(AND(E28="Hourly",OR(G28<=0,H28<=0)),"Enter hourly inputs",IF(AND(E28="Salaried",I28<=0),"Enter salary","Ready")))))),"")
L29: =IFERROR(IF(A29<>"Yes","",MAX(0,MATCH(K29,'Assumptions'!$T$5:$T$16,0)-MATCH(J29,'Assumptions'!$T$5:$T$16,0)+1)),"") | M29: =IFERROR(IF(A29<>"Yes","",IF(E29="Hourly",F29*G29*52/12*L29*H29,IF(E29="Salaried",F29*I29/12*L29,0))),"") | N29: =IFERROR(IF(A29<>"Yes","",M29*'Assumptions'!$B$9),"") | O29: =IFERROR(IF(A29<>"Yes","",M29+N29),"") | P29: =IFERROR(IF(A29<>"Yes","",IF(AND(1>=MATCH(J29,'Assumptions'!$T$5:$T$16,0),1<=MATCH(K29,'Assumptions'!$T$5:$T$16,0)),O29/L29,0)),"") | Q29: =IFERROR(IF(A29<>"Yes","",IF(AND(2>=MATCH(J29,'Assumptions'!$T$5:$T$16,0),2<=MATCH(K29,'Assumptions'!$T$5:$T$16,0)),O29/L29,0)),"") | R29: =IFERROR(IF(A29<>"Yes","",IF(AND(3>=MATCH(J29,'Assumptions'!$T$5:$T$16,0),3<=MATCH(K29,'Assumptions'!$T$5:$T$16,0)),O29/L29,0)),"") | S29: =IFERROR(IF(A29<>"Yes","",IF(AND(4>=MATCH(J29,'Assumptions'!$T$5:$T$16,0),4<=MATCH(K29,'Assumptions'!$T$5:$T$16,0)),O29/L29,0)),"") | T29: =IFERROR(IF(A29<>"Yes","",IF(AND(5>=MATCH(J29,'Assumptions'!$T$5:$T$16,0),5<=MATCH(K29,'Assumptions'!$T$5:$T$16,0)),O29/L29,0)),"") | U29: =IFERROR(IF(A29<>"Yes","",IF(AND(6>=MATCH(J29,'Assumptions'!$T$5:$T$16,0),6<=MATCH(K29,'Assumptions'!$T$5:$T$16,0)),O29/L29,0)),"") | V29: =IFERROR(IF(A29<>"Yes","",IF(AND(7>=MATCH(J29,'Assumptions'!$T$5:$T$16,0),7<=MATCH(K29,'Assumptions'!$T$5:$T$16,0)),O29/L29,0)),"") | W29: =IFERROR(IF(A29<>"Yes","",IF(AND(8>=MATCH(J29,'Assumptions'!$T$5:$T$16,0),8<=MATCH(K29,'Assumptions'!$T$5:$T$16,0)),O29/L29,0)),"") | X29: =IFERROR(IF(A29<>"Yes","",IF(AND(9>=MATCH(J29,'Assumptions'!$T$5:$T$16,0),9<=MATCH(K29,'Assumptions'!$T$5:$T$16,0)),O29/L29,0)),"") | Y29: =IFERROR(IF(A29<>"Yes","",IF(AND(10>=MATCH(J29,'Assumptions'!$T$5:$T$16,0),10<=MATCH(K29,'Assumptions'!$T$5:$T$16,0)),O29/L29,0)),"") | Z29: =IFERROR(IF(A29<>"Yes","",IF(AND(11>=MATCH(J29,'Assumptions'!$T$5:$T$16,0),11<=MATCH(K29,'Assumptions'!$T$5:$T$16,0)),O29/L29,0)),"") | AA29: =IFERROR(IF(A29<>"Yes","",IF(AND(12>=MATCH(J29,'Assumptions'!$T$5:$T$16,0),12<=MATCH(K29,'Assumptions'!$T$5:$T$16,0)),O29/L29,0)),"") | AB29: =IFERROR(IF(A29<>"Yes","",IF(E29="Hourly",F29*G29/'Assumptions'!$B$8*L29/12,IF(E29="Salaried",F29*L29/12,0))),"") | AC29: =IFERROR(IF(AND(A29="",B29="",C29="",D29="",E29=""),"",IF(A29<>"Yes","",IF(OR(B29="",C29="",D29="",E29="",J29="",K29=""),"Missing setup",IF(MATCH(K29,'Assumptions'!$T$5:$T$16,0)<MATCH(J29,'Assumptions'!$T$5:$T$16,0),"Check month range",IF(AND(E29="Hourly",OR(G29<=0,H29<=0)),"Enter hourly inputs",IF(AND(E29="Salaried",I29<=0),"Enter salary","Ready")))))),"")
L30: =IFERROR(IF(A30<>"Yes","",MAX(0,MATCH(K30,'Assumptions'!$T$5:$T$16,0)-MATCH(J30,'Assumptions'!$T$5:$T$16,0)+1)),"") | M30: =IFERROR(IF(A30<>"Yes","",IF(E30="Hourly",F30*G30*52/12*L30*H30,IF(E30="Salaried",F30*I30/12*L30,0))),"") | N30: =IFERROR(IF(A30<>"Yes","",M30*'Assumptions'!$B$9),"") | O30: =IFERROR(IF(A30<>"Yes","",M30+N30),"") | P30: =IFERROR(IF(A30<>"Yes","",IF(AND(1>=MATCH(J30,'Assumptions'!$T$5:$T$16,0),1<=MATCH(K30,'Assumptions'!$T$5:$T$16,0)),O30/L30,0)),"") | Q30: =IFERROR(IF(A30<>"Yes","",IF(AND(2>=MATCH(J30,'Assumptions'!$T$5:$T$16,0),2<=MATCH(K30,'Assumptions'!$T$5:$T$16,0)),O30/L30,0)),"") | R30: =IFERROR(IF(A30<>"Yes","",IF(AND(3>=MATCH(J30,'Assumptions'!$T$5:$T$16,0),3<=MATCH(K30,'Assumptions'!$T$5:$T$16,0)),O30/L30,0)),"") | S30: =IFERROR(IF(A30<>"Yes","",IF(AND(4>=MATCH(J30,'Assumptions'!$T$5:$T$16,0),4<=MATCH(K30,'Assumptions'!$T$5:$T$16,0)),O30/L30,0)),"") | T30: =IFERROR(IF(A30<>"Yes","",IF(AND(5>=MATCH(J30,'Assumptions'!$T$5:$T$16,0),5<=MATCH(K30,'Assumptions'!$T$5:$T$16,0)),O30/L30,0)),"") | U30: =IFERROR(IF(A30<>"Yes","",IF(AND(6>=MATCH(J30,'Assumptions'!$T$5:$T$16,0),6<=MATCH(K30,'Assumptions'!$T$5:$T$16,0)),O30/L30,0)),"") | V30: =IFERROR(IF(A30<>"Yes","",IF(AND(7>=MATCH(J30,'Assumptions'!$T$5:$T$16,0),7<=MATCH(K30,'Assumptions'!$T$5:$T$16,0)),O30/L30,0)),"") | W30: =IFERROR(IF(A30<>"Yes","",IF(AND(8>=MATCH(J30,'Assumptions'!$T$5:$T$16,0),8<=MATCH(K30,'Assumptions'!$T$5:$T$16,0)),O30/L30,0)),"") | X30: =IFERROR(IF(A30<>"Yes","",IF(AND(9>=MATCH(J30,'Assumptions'!$T$5:$T$16,0),9<=MATCH(K30,'Assumptions'!$T$5:$T$16,0)),O30/L30,0)),"") | Y30: =IFERROR(IF(A30<>"Yes","",IF(AND(10>=MATCH(J30,'Assumptions'!$T$5:$T$16,0),10<=MATCH(K30,'Assumptions'!$T$5:$T$16,0)),O30/L30,0)),"") | Z30: =IFERROR(IF(A30<>"Yes","",IF(AND(11>=MATCH(J30,'Assumptions'!$T$5:$T$16,0),11<=MATCH(K30,'Assumptions'!$T$5:$T$16,0)),O30/L30,0)),"") | AA30: =IFERROR(IF(A30<>"Yes","",IF(AND(12>=MATCH(J30,'Assumptions'!$T$5:$T$16,0),12<=MATCH(K30,'Assumptions'!$T$5:$T$16,0)),O30/L30,0)),"") | AB30: =IFERROR(IF(A30<>"Yes","",IF(E30="Hourly",F30*G30/'Assumptions'!$B$8*L30/12,IF(E30="Salaried",F30*L30/12,0))),"") | AC30: =IFERROR(IF(AND(A30="",B30="",C30="",D30="",E30=""),"",IF(A30<>"Yes","",IF(OR(B30="",C30="",D30="",E30="",J30="",K30=""),"Missing setup",IF(MATCH(K30,'Assumptions'!$T$5:$T$16,0)<MATCH(J30,'Assumptions'!$T$5:$T$16,0),"Check month range",IF(AND(E30="Hourly",OR(G30<=0,H30<=0)),"Enter hourly inputs",IF(AND(E30="Salaried",I30<=0),"Enter salary","Ready")))))),"")
... L128: =IFERROR(IF(A128<>"Yes","",MAX(0,MATCH(K128,'Assumptions'!$T$5:$T$16,0)-MATCH(J128,'Assumptions'!$T$5:$T$16,0)+1)),"") | M128: =IFERROR(IF(A128<>"Yes","",IF(E128="Hourly",F128*G128*52/12*L128*H128,IF(E128="Salaried",F128*I128/12*L128,0))),"") | N128: =IFERROR(IF(A128<>"Yes","",M128*'Assumptions'!$B$9),"") | O128: =IFERROR(IF(A128<>"Yes","",M128+N128),"") | P128: =IFERROR(IF(A128<>"Yes","",IF(AND(1>=MATCH(J128,'Assumptions'!$T$5:$T$16,0),1<=MATCH(K128,'Assumptions'!$T$5:$T$16,0)),O128/L128,0)),"") | Q128: =IFERROR(IF(A128<>"Yes","",IF(AND(2>=MATCH(J128,'Assumptions'!$T$5:$T$16,0),2<=MATCH(K128,'Assumptions'!$T$5:$T$16,0)),O128/L128,0)),"") | R128: =IFERROR(IF(A128<>"Yes","",IF(AND(3>=MATCH(J128,'Assumptions'!$T$5:$T$16,0),3<=MATCH(K128,'Assumptions'!$T$5:$T$16,0)),O128/L128,0)),"") | S128: =IFERROR(IF(A128<>"Yes","",IF(AND(4>=MATCH(J128,'Assumptions'!$T$5:$T$16,0),4<=MATCH(K128,'Assumptions'!$T$5:$T$16,0)),O128/L128,0)),"") | T128: =IFERROR(IF(A128<>"Yes","",IF(AND(5>=MATCH(J128,'Assumptions'!$T$5:$T$16,0),5<=MATCH(K128,'Assumptions'!$T$5:$T$16,0)),O128/L128,0)),"") | U128: =IFERROR(IF(A128<>"Yes","",IF(AND(6>=MATCH(J128,'Assumptions'!$T$5:$T$16,0),6<=MATCH(K128,'Assumptions'!$T$5:$T$16,0)),O128/L128,0)),"") | V128: =IFERROR(IF(A128<>"Yes","",IF(AND(7>=MATCH(J128,'Assumptions'!$T$5:$T$16,0),7<=MATCH(K128,'Assumptions'!$T$5:$T$16,0)),O128/L128,0)),"") | W128: =IFERROR(IF(A128<>"Yes","",IF(AND(8>=MATCH(J128,'Assumptions'!$T$5:$T$16,0),8<=MATCH(K128,'Assumptions'!$T$5:$T$16,0)),O128/L128,0)),"") | X128: =IFERROR(IF(A128<>"Yes","",IF(AND(9>=MATCH(J128,'Assumptions'!$T$5:$T$16,0),9<=MATCH(K128,'Assumptions'!$T$5:$T$16,0)),O128/L128,0)),"") | Y128: =IFERROR(IF(A128<>"Yes","",IF(AND(10>=MATCH(J128,'Assumptions'!$T$5:$T$16,0),10<=MATCH(K128,'Assumptions'!$T$5:$T$16,0)),O128/L128,0)),"") | Z128: =IFERROR(IF(A128<>"Yes","",IF(AND(11>=MATCH(J128,'Assumptions'!$T$5:$T$16,0),11<=MATCH(K128,'Assumptions'!$T$5:$T$16,0)),O128/L128,0)),"") | AA128: =IFERROR(IF(A128<>"Yes","",IF(AND(12>=MATCH(J128,'Assumptions'!$T$5:$T$16,0),12<=MATCH(K128,'Assumptions'!$T$5:$T$16,0)),O128/L128,0)),"") | AB128: =IFERROR(IF(A128<>"Yes","",IF(E128="Hourly",F128*G128/'Assumptions'!$B$8*L128/12,IF(E128="Salaried",F128*L128/12,0))),"") | AC128: =IFERROR(IF(AND(A128="",B128="",C128="",D128="",E128=""),"",IF(A128<>"Yes","",IF(OR(B128="",C128="",D128="",E128="",J128="",K128=""),"Missing setup",IF(MATCH(K128,'Assumptions'!$T$5:$T$16,0)<MATCH(J128,'Assumptions'!$T$5:$T$16,0),"Check month range",IF(AND(E128="Hourly",OR(G128<=0,H128<=0)),"Enter hourly inputs",IF(AND(E128="Salaried",I128<=0),"Enter salary","Ready")))))),"")

Sheet Assumptions
A1: 2026 Property Operating Assumptions
A2: Enter property information and revise blue assumption cells. | D2: Enter monthly revenue and expense budgets on Operating Budget. | G2: Review dashboard alerts before distributing the budget. | N2: Workbook Validation Lists
A3: Complete the monthly rooms forecast before finalizing room revenue. | D3: Enter planned positions and wage assumptions on Labor Plan. | G3: This workbook is a planning tool and does not provide legal, tax, payroll, or accounting compliance guidance.
A4: Property Name | B4: Harbor Point Hotel | N4: Active Status | O4: Department | P4: Account Type | Q4: Budget Basis | R4: Employment Type | S4: Pay Type | T4: Month | U4: Month Number
A5: Budget Year | B5: 2026 | N5: Yes | O5: Rooms | P5: Revenue | Q5: Prior-Year Run Rate | R5: Full-Time | S5: Hourly | T5: January | U5: 1
A6: Last Revised Date | B6: 46037 | N6: No | O6: Food & Beverage | P6: Cost of Sales | Q6: Occupancy Driven | R6: Part-Time | S6: Salaried | T6: February | U6: 2
A7: Room Count | B7: 120 | O7: Administrative & General | P7: Payroll & Related | Q7: Per Occupied Room | R7: Seasonal | T7: March | U7: 3
A8: Full-Time Weekly Hours | B8: 40 | O8: Sales & Marketing | P8: Operating Expense | Q8: Contracted Amount | R8: Temporary | T8: April | U8: 4
A9: Payroll Tax and Benefit Burden | B9: 0.24 | O9: Property Operations & Maintenance | P9: Fixed Expense | Q9: Staffing Plan | T9: May | U9: 5
A10: Target GOP Margin | B10: 0.32 | O10: Utilities | Q10: Management Estimate | T10: June | U10: 6
A11: Room Revenue Variance Tolerance | B11: 5000 | O11: Information Technology | Q11: Seasonal Estimate | T11: July | U11: 7
A12: Labor Variance Tolerance | B12: 5000 | O12: Insurance | Q12: Other | T12: August | U12: 8
A13: Annual Total Rounding Tolerance | B13: 1 | O13: Other | T13: September | U13: 9
T14: October | U14: 10
A15: Month | B15: Month Start | C15: Days in Month | D15: Room Count | E15: Available Room Nights | F15: Occupancy Assumption | G15: Occupied Room Nights | H15: ADR Assumption | I15: Room Revenue Forecast | J15: RevPAR | K15: Notes | T15: November | U15: 11
A16: January | B16: 46023 | C16: =IFERROR(DAY(B16+32-DAY(B16+32)),0) | D16: =IFERROR($B$7,0) | E16: =IFERROR(C16*D16,0) | F16: 0.58 | G16: =IFERROR(ROUND(E16*F16,0),0) | H16: 149 | I16: =IFERROR(G16*H16,0) | J16: =IFERROR(I16/E16,0) | K16: Winter shoulder season | T16: December | U16: 12
A17: February | B17: 46054 | C17: =IFERROR(DAY(B17+32-DAY(B17+32)),0) | D17: =IFERROR($B$7,0) | E17: =IFERROR(C17*D17,0) | F17: 0.61 | G17: =IFERROR(ROUND(E17*F17,0),0) | H17: 154 | I17: =IFERROR(G17*H17,0) | J17: =IFERROR(I17/E17,0) | K17: Winter weekends and small groups
A18: March | B18: 46082 | C18: =IFERROR(DAY(B18+32-DAY(B18+32)),0) | D18: =IFERROR($B$7,0) | E18: =IFERROR(C18*D18,0) | F18: 0.67 | G18: =IFERROR(ROUND(E18*F18,0),0) | H18: 165 | I18: =IFERROR(G18*H18,0) | J18: =IFERROR(I18/E18,0) | K18: Spring demand builds
A19: April | B19: 46113 | C19: =IFERROR(DAY(B19+32-DAY(B19+32)),0) | D19: =IFERROR($B$7,0) | E19: =IFERROR(C19*D19,0) | F19: 0.72 | G19: =IFERROR(ROUND(E19*F19,0),0) | H19: 178 | I19: =IFERROR(G19*H19,0) | J19: =IFERROR(I19/E19,0) | K19: Spring group business
A20: May | B20: 46143 | C20: =IFERROR(DAY(B20+32-DAY(B20+32)),0) | D20: =IFERROR($B$7,0) | E20: =IFERROR(C20*D20,0) | F20: 0.77 | G20: =IFERROR(ROUND(E20*F20,0),0) | H20: 189 | I20: =IFERROR(G20*H20,0) | J20: =IFERROR(I20/E20,0) | K20: Early summer demand
A21: June | B21: 46174 | C21: =IFERROR(DAY(B21+32-DAY(B21+32)),0) | D21: =IFERROR($B$7,0) | E21: =IFERROR(C21*D21,0) | F21: 0.82 | G21: =IFERROR(ROUND(E21*F21,0),0) | H21: 209 | I21: =IFERROR(G21*H21,0) | J21: =IFERROR(I21/E21,0) | K21: Summer leisure demand
A22: July | B22: 46204 | C22: =IFERROR(DAY(B22+32-DAY(B22+32)),0) | D22: =IFERROR($B$7,0) | E22: =IFERROR(C22*D22,0) | F22: 0.84 | G22: =IFERROR(ROUND(E22*F22,0),0) | H22: 219 | I22: =IFERROR(G22*H22,0) | J22: =IFERROR(I22/E22,0) | K22: Peak summer leisure demand
A23: August | B23: 46235 | C23: =IFERROR(DAY(B23+32-DAY(B23+32)),0) | D23: =IFERROR($B$7,0) | E23: =IFERROR(C23*D23,0) | F23: 0.83 | G23: =IFERROR(ROUND(E23*F23,0),0) | H23: 215 | I23: =IFERROR(G23*H23,0) | J23: =IFERROR(I23/E23,0) | K23: Peak summer demand
A24: September | B24: 46266 | C24: =IFERROR(DAY(B24+32-DAY(B24+32)),0) | D24: =IFERROR($B$7,0) | E24: =IFERROR(C24*D24,0) | F24: 0.78 | G24: =IFERROR(ROUND(E24*F24,0),0) | H24: 198 | I24: =IFERROR(G24*H24,0) | J24: =IFERROR(I24/E24,0) | K24: Late-summer and group mix
A25: October | B25: 46296 | C25: =IFERROR(DAY(B25+32-DAY(B25+32)),0) | D25: =IFERROR($B$7,0) | E25: =IFERROR(C25*D25,0) | F25: 0.8 | G25: =IFERROR(ROUND(E25*F25,0),0) | H25: 202 | I25: =IFERROR(G25*H25,0) | J25: =IFERROR(I25/E25,0) | K25: Fall group business
A26: November | B26: 46327 | C26: =IFERROR(DAY(B26+32-DAY(B26+32)),0) | D26: =IFERROR($B$7,0) | E26: =IFERROR(C26*D26,0) | F26: 0.7 | G26: =IFERROR(ROUND(E26*F26,0),0) | H26: 176 | I26: =IFERROR(G26*H26,0) | J26: =IFERROR(I26/E26,0) | K26: Holiday and weekend mix
A27: December | B27: 46357 | C27: =IFERROR(DAY(B27+32-DAY(B27+32)),0) | D27: =IFERROR($B$7,0) | E27: =IFERROR(C27*D27,0) | F27: 0.64 | G27: =IFERROR(ROUND(E27*F27,0),0) | H27: 169 | I27: =IFERROR(G27*H27,0) | J27: =IFERROR(I27/E27,0) | K27: Year-end leisure demand
C28: =IF(A28="","",IFERROR(DAY(B28+32-DAY(B28+32)),0)) | D28: =IF(A28="","",IFERROR($B$7,0)) | E28: =IF(A28="","",IFERROR(C28*D28,0)) | G28: =IF(A28="","",IFERROR(ROUND(E28*F28,0),0)) | I28: =IF(A28="","",IFERROR(G28*H28,0)) | J28: =IF(A28="","",IFERROR(I28/E28,0))
C29: =IF(A29="","",IFERROR(DAY(B29+32-DAY(B29+32)),0)) | D29: =IF(A29="","",IFERROR($B$7,0)) | E29: =IF(A29="","",IFERROR(C29*D29,0)) | G29: =IF(A29="","",IFERROR(ROUND(E29*F29,0),0)) | I29: =IF(A29="","",IFERROR(G29*H29,0)) | J29: =IF(A29="","",IFERROR(I29/E29,0))
A30: Annual Available Room Nights | B30: =IFERROR(SUM(E16:E27),0) | C30: ="" | D30: ="" | E30: ="" | G30: ="" | I30: ="" | J30: =""
A31: Annual Occupied Room Nights | B31: =IFERROR(SUM(G16:G27),0) | C31: ="" | D31: ="" | E31: ="" | G31: ="" | I31: ="" | J31: =""
A32: Weighted Annual Occupancy | B32: =IFERROR(B31/B30,0) | C32: ="" | D32: ="" | E32: ="" | G32: ="" | I32: ="" | J32: =""
A33: Annual Room Revenue Forecast | B33: =IFERROR(SUM(I16:I27),0) | C33: ="" | D33: ="" | E33: ="" | G33: ="" | I33: ="" | J33: =""
A34: Weighted ADR | B34: =IFERROR(B33/B31,0) | C34: ="" | D34: ="" | E34: ="" | G34: ="" | I34: ="" | J34: =""
A35: RevPAR | B35: =IFERROR(B33/B30,0) | C35: ="" | D35: ="" | E35: ="" | G35: ="" | I35: ="" | J35: =""
C36: =IF(A36="","",IFERROR(DAY(B36+32-DAY(B36+32)),0)) | D36: =IF(A36="","",IFERROR($B$7,0)) | E36: =IF(A36="","",IFERROR(C36*D36,0)) | G36: =IF(A36="","",IFERROR(ROUND(E36*F36,0),0)) | I36: =IF(A36="","",IFERROR(G36*H36,0)) | J36: =IF(A36="","",IFERROR(I36/E36,0))
C37: =IF(A37="","",IFERROR(DAY(B37+32-DAY(B37+32)),0)) | D37: =IF(A37="","",IFERROR($B$7,0)) | E37: =IF(A37="","",IFERROR(C37*D37,0)) | G37: =IF(A37="","",IFERROR(ROUND(E37*F37,0),0)) | I37: =IF(A37="","",IFERROR(G37*H37,0)) | J37: =IF(A37="","",IFERROR(I37/E37,0))
C38: =IF(A38="","",IFERROR(DAY(B38+32-DAY(B38+32)),0)) | D38: =IF(A38="","",IFERROR($B$7,0)) | E38: =IF(A38="","",IFERROR(C38*D38,0)) | G38: =IF(A38="","",IFERROR(ROUND(E38*F38,0),0)) | I38: =IF(A38="","",IFERROR(G38*H38,0)) | J38: =IF(A38="","",IFERROR(I38/E38,0))
C39: =IF(A39="","",IFERROR(DAY(B39+32-DAY(B39+32)),0)) | D39: =IF(A39="","",IFERROR($B$7,0)) | E39: =IF(A39="","",IFERROR(C39*D39,0)) | G39: =IF(A39="","",IFERROR(ROUND(E39*F39,0),0)) | I39: =IF(A39="","",IFERROR(G39*H39,0)) | J39: =IF(A39="","",IFERROR(I39/E39,0))
C40: =IF(A40="","",IFERROR(DAY(B40+32-DAY(B40+32)),0)) | D40: =IF(A40="","",IFERROR($B$7,0)) | E40: =IF(A40="","",IFERROR(C40*D40,0)) | G40: =IF(A40="","",IFERROR(ROUND(E40*F40,0),0)) | I40: =IF(A40="","",IFERROR(G40*H40,0)) | J40: =IF(A40="","",IFERROR(I40/E40,0))
C41: =IF(A41="","",IFERROR(DAY(B41+32-DAY(B41+32)),0)) | D41: =IF(A41="","",IFERROR($B$7,0)) | E41: =IF(A41="","",IFERROR(C41*D41,0)) | G41: =IF(A41="","",IFERROR(ROUND(E41*F41,0),0)) | I41: =IF(A41="","",IFERROR(G41*H41,0)) | J41: =IF(A41="","",IFERROR(I41/E41,0))
C42: =IF(A42="","",IFERROR(DAY(B42+32-DAY(B42+32)),0)) | D42: =IF(A42="","",IFERROR($B$7,0)) | E42: =IF(A42="","",IFERROR(C42*D42,0)) | G42: =IF(A42="","",IFERROR(ROUND(E42*F42,0),0)) | I42: =IF(A42="","",IFERROR(G42*H42,0)) | J42: =IF(A42="","",IFERROR(I42/E42,0))
C43: =IF(A43="","",IFERROR(DAY(B43+32-DAY(B43+32)),0)) | D43: =IF(A43="","",IFERROR($B$7,0)) | E43: =IF(A43="","",IFERROR(C43*D43,0)) | G43: =IF(A43="","",IFERROR(ROUND(E43*F43,0),0)) | I43: =IF(A43="","",IFERROR(G43*H43,0)) | J43: =IF(A43="","",IFERROR(I43/E43,0))
C44: =IF(A44="","",IFERROR(DAY(B44+32-DAY(B44+32)),0)) | D44: =IF(A44="","",IFERROR($B$7,0)) | E44: =IF(A44="","",IFERROR(C44*D44,0)) | G44: =IF(A44="","",IFERROR(ROUND(E44*F44,0),0)) | I44: =IF(A44="","",IFERROR(G44*H44,0)) | J44: =IF(A44="","",IFERROR(I44/E44,0))
C45: =IF(A45="","",IFERROR(DAY(B45+32-DAY(B45+32)),0)) | D45: =IF(A45="","",IFERROR($B$7,0)) | E45: =IF(A45="","",IFERROR(C45*D45,0)) | G45: =IF(A45="","",IFERROR(ROUND(E45*F45,0),0)) | I45: =IF(A45="","",IFERROR(G45*H45,0)) | J45: =IF(A45="","",IFERROR(I45/E45,0))
C46: =IF(A46="","",IFERROR(DAY(B46+32-DAY(B46+32)),0)) | D46: =IF(A46="","",IFERROR($B$7,0)) | E46: =IF(A46="","",IFERROR(C46*D46,0)) | G46: =IF(A46="","",IFERROR(ROUND(E46*F46,0),0)) | I46: =IF(A46="","",IFERROR(G46*H46,0)) | J46: =IF(A46="","",IFERROR(I46/E46,0))
C47: =IF(A47="","",IFERROR(DAY(B47+32-DAY(B47+32)),0)) | D47: =IF(A47="","",IFERROR($B$7,0)) | E47: =IF(A47="","",IFERROR(C47*D47,0)) | G47: =IF(A47="","",IFERROR(ROUND(E47*F47,0),0)) | I47: =IF(A47="","",IFERROR(G47*H47,0)) | J47: =IF(A47="","",IFERROR(I47/E47,0))
... C101: =IF(A101="","",IFERROR(DAY(B101+32-DAY(B101+32)),0)) | D101: =IF(A101="","",IFERROR($B$7,0)) | E101: =IF(A101="","",IFERROR(C101*D101,0)) | G101: =IF(A101="","",IFERROR(ROUND(E101*F101,0),0)) | I101: =IF(A101="","",IFERROR(G101*H101,0)) | J101: =IF(A101="","",IFERROR(I101/E101,0))
